 Dungeon Crawl Stone Soup version 0.31-a0-182-gc5ef74bbde (webtiles) character file.

Game seed: 8897051576078461299

208860 qw the Severer (level 18, -3/120 HPs)
             Began as a Gargoyle Fighter on June 20, 2023.
             Was an Elder of Okawaru.
             Killed from afar by a lindwurm (11 damage)
             ... with a blast of flame
             ... on level 1 of the Vaults.
             The game lasted 00:21:17 (34121 turns).

qw the Severer (Gargoyle Fighter)                  Turns: 34121, Time: 00:21:18

Health: -3/120     AC: 49    Str: 26    XL:     18   Next: 80%
Magic:  25/25      EV: 17    Int: 11    God:    Okawaru [****..]
Gold:   311        SH: 21    Dex: 12    Spells: 17/17 levels left

rFire   + . .        g - +5 broad axe of Okawaru's Castigation {heavy, rElec rPois rF+ Will+}
rCold   . . .        C - +0 tower shield
rNeg    + . .        x - +4 shadow dragon scales of Xinocaw {rPois Stlth++++}
rPois   inf          (helmet restricted)
rElec   +            J - +2 cloak
rCorr   .            u - +2 pair of gloves
SInv    +            h - +1 pair of boots of Starshine {rPois Dex+3}
Will    +++..        f - amulet of faith
Stlth   ++++         r - +5 ring of evasion
HPRegen 0.40/turn    y - ring of Gin and Tonic {+Blink rElec Will+ SInv}
MPRegen 0.19/turn

%: faith
@: heroic, flying
A: sickness immunity, AC +13, big wings, negative energy resistance 1,
electricity resistance, torment resistance 1, petrification resistance, horns 1
}: 1/15 runes: serpentine
a: Renounce Religion, Evoke Blink, Heroism, Finesse


You were on level 1 of the Vaults.
You worshipped Okawaru.
Okawaru was greatly pleased with you.
You visited 7 branches of the dungeon, and saw 31 of its levels.
You also visited: Gauntlet.

You collected 2726 gold pieces.
You spent 2415 gold pieces at shops.


Innate Abilities, Weirdness & Mutations

You are immune to sickness and miasma.
Your stone body is resilient. (AC +13)
You are immune to poison.
Your large and strong wings let you fly.
You resist negative energy. (rN+)
You are resistant to electric shocks. (rElec)
You are resistant to unholy torment.
You are immune to petrification.
You have a pair of small horns on your head.


   Skills:
 - Level 16.0(21.0) Fighting
 - Level 18.0(23.0) Axes
 - Level 8.0(13.0) Throwing
 - Level 15.5(20.5) Armour
 - Level 5.1(10.1) Dodging
 + Level 15.2(20.2) Shields
 - Level 10.0 Invocations


You had 17 spell levels left.
You didn't know any spells.
Your spell library was empty.

Inventory:

Hand Weapons
 g - the +5 broad axe of Okawaru's Castigation (weapon) {heavy, rElec rPois rF+ Will+}
   (Okawaru gifted it to you on level 5 of the Lair of Beasts)

   rF:        It protects you from fire.
   rElec:     It insulates you from electricity.
   rPois:     It protects you from poison.
   Will:      It increases your willpower.
 E - a +1 heavy broad axe
Missiles
 k - 23 boomerangs
 z - 18 javelins (quivered)
 F - 3 boomerangs of dispersal
Armour
 h - the +1 pair of boots of Starshine (worn) {rPois Dex+3}
   (Okawaru gifted it to you on level 3 of the Shoals)

   Dex:       It affects your dexterity (+3).
   rPois:     It protects you from poison.
 u - a +2 pair of gloves (worn)
 w - a +0 plate armour of fire resistance
 x - the +4 shadow dragon scales of Xinocaw (worn) {rPois Stlth++++}
   (You took it off a minotaur in a Gauntlet)

   rPois:     It protects you from poison.
   Stlth:     It makes you much more stealthy.
 C - a +0 tower shield (worn)
 J - a +2 cloak (worn)
Jewellery
 f - an amulet of faith (around neck)
 p - an amulet of reflection
 r - a +5 ring of evasion (left hand)
 v - a ring of fire
 y - the ring of Gin and Tonic (right hand) {+Blink rElec Will+ SInv}
   (You took it off a minotaur in a Gauntlet)

   [ring of see invisible]

   rElec:     It insulates you from electricity.
   SInv:      It lets you see invisible.
   +Blink:    It lets you blink.
   Will:      It increases your willpower.
 A - a ring of ice
 B - a +6 ring of strength
 G - a ring of resist corrosion
 K - a ring of ice
Wands
 t - a wand of digging (14)
Scrolls
 a - 18 scrolls of identify
 D - 6 scrolls of enchant weapon
Potions
 c - a potion of haste
 d - 2 potions of might
 e - a potion of mutation
 i - 15 potions of curing
 j - 2 potions of enlightenment
 l - 5 potions of lignification
 n - 7 potions of attraction
 q - 2 potions of magic
 s - 2 potions of cancellation

Dungeon Overview and Level Annotations

Branches:
Dungeon (15/15)            Temple (1/1) D:5            Lair (5/5) D:8
 Shoals (3/4) Lair:2        Snake (4/4) Lair:3        Slime (0/5) Lair:4
    Orc (2/2) D:10            Elf (0/3) Orc:2        Vaults (1/5) D:13
 Depths (0/4) D:15        Gauntlet (visited)

Altars:
Ashenzari
Cheibriados
Dithmenos
Elyvilon
Fedhas
Gozag
Hepliaklqana
Kikubaaqudgha
Makhleb
Nemelex Xobeh
Okawaru
Qazlal
Ru
Sif Muna
Trog
Uskayaw
Vehumet
Wu Jian
Xom
Yredelemnul
Zin
The Shining One
Lugonu

Shops:
D:4 :   D:12 **?(?   Orc:2 [(?[*   Shoals:2 *   Shoals:3 (   Snake:1 *(*[
Snake:3 *::=

Portals:
Abyss: Lair:5

Annotations:
D:3 1 runed translucent door, Crazy Yiuf
D:7 4 runed translucent doors
D:13 1 runed translucent door, exclusion: orange crystal statue, 00Nightcrawler's ghost, journeyman VSTm


Message History

A lindwurm comes into view.
The lindwurm roars! x2
The lindwurm breathes flames at you. The blast of flame hits you! You resist.
You chop the lindwurm into pieces!!! You headbutt the lindwurm!
The lindwurm is almost dead.
You block the lindwurm's attack.
The lindwurm claws you but does no damage. x2
You slice the lindwurm!!
You kill the lindwurm!
Okawaru accepts your kill.
A centaur warrior opens the door.
A centaur warrior comes into view.
A brown ugly thing comes into view.
A purple ugly thing comes into view.
A green ugly thing comes into view.
A centaur warrior comes into view. x3; A yaktaur comes into view.
Found a stone staircase leading down.
The centaur warrior shouts! x2; The brown ugly thing gurgles horribly!
You slice the lindwurm!! Your headbutt misses the lindwurm.
The lindwurm is heavily wounded.
You slice the green ugly thing!!
You block the green ugly thing's attack.
The lindwurm breathes flames at you. The blast of flame misses you.
The lindwurm bites you but does no damage.
The lindwurm claws you but does no damage.
You block the lindwurm's attack.
You block the green ugly thing's attack.
You slash the lindwurm!
The lindwurm is severely wounded.
You slice the green ugly thing!! You block the lindwurm's attack.
The lindwurm closely misses you. You block the lindwurm's attack.
The purple ugly thing basks in the mutagenic energy from its kin and changes!
You block the green ugly thing's attack.
You barely miss the green ugly thing.
The green ugly thing is almost dead.
You barely miss the lindwurm. x2
The lindwurm breathes flames at you. The blast of flame hits you! You resist.
You die... ###.....### #....>. #.........## ....... ...........# ....... ...>...\cc.# ....u.. .......cc.%# ..cuc #.....cJG?## ccc

###....J###
######p##############
......k@............
......k.............
......#+############
...... ..... #....
#... +...


You could see 2 ugly things, 4 centaur warriors, 2 lindwurms, a yaktaur and a
wizard.

Vanquished Creatures
  Vashnia (Snake:4)
  Nikola (Shoals:1)
  Frances (D:12)
  4 nagarajas
  Ilsuiw (Shoals:2)
  An orc warlord (Orc:1)
  A caustic shrike skeleton (D:15)
  3 dire elephants (Vaults:1)
  A minotaur (Gauntlet)
  A merfolk javelineer (Shoals:2)
  4 merfolk impalers
  A spriggan zombie (D:15)
  Harold (D:10)
  4 hydras
  Erolcha (D:9)
  A merfolk avatar (Shoals:3)
  5 anacondas
  An ogre mage (D:15)
  6 centaur warriors
  5 salamander tyrants
  3 boulder beetles
  Erica (D:11)
  10 two-headed ogres
  17 naga warriors
  2 dancing weapons (D:13)
  3 satyrs
  3 catoblepae
  3 merfolk aquamancers
  6 death yaks (Lair:1)
  6 tengu warriors
  3 thrashing horrors (Lair:5)
  11 shock serpents
  13 naga sharpshooters
  2 orc high priests
  2 salamander mystics (Snake:4)
  2 skysharks
  2 skeletal warriors (D:15)
  8 sea snakes
  A sixfirhy (Gauntlet)
  A spark wasp zombie (D:15)
  A flayed ghost (D:15)
  3 wizards
  2 orc knights (Orc:2)
  5 large abominations (Lair:5)
  5 naga ritualists
  A lindwurm (Vaults:1)
  5 harpies (Shoals:3)
  A necromancer (D:15)
  2 deep elf pyromancers
  6 cyclopes
  10 manticores
  10 ugly things
  5 mana vipers
  2 orc sorcerers
  An oklob plant (Shoals:3)
  13 fauns
  35 black mambas
  7 guardian serpents
  13 salamanders
  2 moths of wrath (Gauntlet)
  15 elephants
  7 merfolk sirens
  A black mamba (shapeshifter) (D:15)
  17 naga magi
  2 smoke demons (Lair:5)
  2 torpor snails
  A water nymph (Shoals:3)
  14 cane toads
  A gargoyle (D:13)
  2 unseen horrors
  2 tengu conjurers
  3 rime drakes
  8 komodo dragons
  An ancient zyme (Lair:5)
  2 burning bushes (Lair:3)
  23 merfolk
  2 trolls (D:13)
  A meliai (shapeshifter) (D:14)
  A wind drake (Shoals:3)
  5 polar bears
  A tarantella (shapeshifter) (D:15)
  4 snapping turtles
  6 dream sheep (Lair:4)
  A hornet (D:8)
  26 blink frogs
  5 slime creatures (D:14)
  2 shadows
  An ettin skeleton (D:15)
  3 centaur simulacra (D:13)
  9 wyverns
  A spriggan (Lair:5)
  3 ynoxinuls (Lair:5)
  A vampire (D:11)
  75 yaks
  5 basilisks
  12 water elementals
  2 redbacks (Gauntlet)
  Grum (D:10)
  3 chaos spawn (Lair:5)
  4 steam dragons
  4 vampire mosquitoes (D:14)
  3 acid dragons
  48 nagas
  3 wargs (Orc:2)
  16 water moccasins
  Duvessa (D:6)
  42 orc warriors
  3 black bears
  10 ice beasts
  2 swamp drakes (Lair:5)
  17 wolves
  3 ogres
  3 boggarts (D:14)
  25 centaurs
  A phantom (D:5)
  8 small abominations (Lair:5)
  A kobold brigand (D:8)
  A gnoll sergeant (D:7)
  8 bullfrogs
  2 scorpions
  Dowan (D:6)
  16 wights
  11 killer bees
  3 howler monkeys
  4 electric eels
  14 jellies
  6 hounds
  25 orc priests
  2 iguanas (D:5)
  21 orc wizards
  5 gnolls (D:7)
  3 adders
  5 white imps
  6 ufetubi
  4 worms
  5 dart slugs
  106 orcs
  11 bats
  11 endoplasms
  A giant cockroach (D:2)
  9 goblins
  2 hobgoblins
  9 jackals
  11 kobolds
  6 quokkas
  5 ball pythons
  A frilled lizard (D:2)
  6 rats
1057 creatures vanquished.

Vanquished Creatures (others)
  A guardian serpent (Snake:4)
  3 spectral weapons
4 creatures vanquished.

Grand Total: 1061 creatures vanquished

Notes
Turn   | Place    | Note
-------+----------+-------------------------------------------
     0 | D:1      | qw the Gargoyle Fighter began the quest for the Orb.
     0 | D:1      | Reached XP level 1. HP: 14/14 MP: 1/1
     0 | D:1      | 0 ||| qw: Version: 0.3-a-9-g12657ce
     0 | D:1      | 0 ||| qw: Game counter: 1404
     0 | D:1      | 0 ||| qw: Always use a shield: true
     0 | D:1      | 0 ||| qw: God list: Okawaru
     0 | D:1      | 0 ||| qw: Allow faded altars: false
     0 | D:1      | 0 ||| qw: Do Orc after D:15 true
     0 | D:1      | 0 ||| qw: Do second Lair branch before Depths: true
     0 | D:1      | 0 ||| qw: Lair rune preference: random
     0 | D:1      | 0 ||| qw: Plans: Normal, Zot:1-4, Slime:5, God:TSO, Crypt,
                  | Tomb, Abyss, Pan, Hells, Win
     0 | D:1      | 0 ||| PLANNING D:1-11
    19 | D:1      | Reached skill level 2 in Axes
    53 | D:1      | Reached XP level 2. HP: 19/19 MP: 2/2
   545 | D:1      | Reached skill level 3 in Axes
   782 | D:1      | 782 ||| UPGRADING to +0 cloak.
   787 | D:1      | 787 ||| UPGRADING to +4 ring of protection.
   788 | D:1      | 788 ||| DRINKING 2 brown potions.
   893 | D:1      | 893 ||| DRINKING 2 black potions.
   894 | D:1      | 894 ||| DROPPING potion of berserk rage.
   895 | D:1      | 895 ||| DROPPING potion of brilliance.
   939 | D:2      | Reached XP level 3. HP: 23/23 MP: 3/3
  1197 | D:2      | Reached XP level 4. HP: 26/28 MP: 4/4
  1348 | D:2      | Identified the +7 sling "Hytzecob" {freeze, rF+ rCorr Dex-5
                  | SInv}
  1386 | D:2      | Found a faded altar of an unknown god.
  1557 | D:2      | 1557 ||| READING scroll labelled OTOFEUCVUWUO.
  1558 | D:2      | 1558 ||| READING 2 scrolls labelled FITILA UNICKY.
  1559 | D:2      | 1559 ||| READING scroll labelled BAASTR OMOADWUGICU.
  1560 | D:2      | 1560 ||| DRINKING 3 cyan potions.
  1561 | D:2      | 1561 ||| DROPPING scroll of fog.
  1686 | D:3      | Reached skill level 4 in Axes
  1721 | D:3      | 1721 ||| Stepping ~*~*~tactically~*~*~ (hiding).
  1738 | D:3      | HP: 3/28 [orc/+0 trident (7)]
  1960 | D:3      | 1960 ||| Stepping ~*~*~tactically~*~*~ (hiding).
  2364 | D:3      | Found a runed translucent door.
  2365 | D:3      | Noticed Crazy Yiuf
  2401 | D:3      | 2401 ||| UPGRADING to +0 chain mail.
  2411 | D:3      | 2411 ||| DROPPING +0 scale mail.
  2412 | D:3      | 2412 ||| READING 4 scrolls labelled LAGUSCH XUXO.
  2413 | D:3      | 2413 ||| READING scroll labelled GYBLEI QEASCH.
  2464 | D:3      | 2464 ||| READING scroll labelled BUOPEUL VAOC.
  2565 | D:3      | 2565 ||| READING scroll labelled QIARUY JAERRAG.
  2566 | D:3      | 2566 ||| READING 3 scrolls of identify.
  2566 | D:3      | 2566 ||| IDENTIFYING green potion
  2567 | D:3      | 2567 ||| READING 2 scrolls of identify.
  2567 | D:3      | 2567 ||| IDENTIFYING fizzy grey potion
  2591 | D:4      | Reached XP level 5. HP: 32/32 MP: 5/5
  2609 | D:4      | Reached skill level 5 in Axes
  2651 | D:4      | 2651 ||| DROPPING +0 club.
  2723 | D:4      | Identified the +0 chain mail "Ruull" {Str+2}
  2740 | D:4      | Found a broken altar of Ashenzari.
  2741 | D:4      | 2741 ||| Stepping ~*~*~tactically~*~*~ (stealth).
  2751 | D:4      | 2751 ||| Stepping ~*~*~tactically~*~*~ (stealth).
  2779 | D:4      | Noticed an ice beast
  2793 | D:4      | HP: 7/32 [ice beast (8)]
  2794 | D:4      | Killed an ice beast
  2795 | D:4      | Reached XP level 6. HP: 9/39 MP: 6/6
  2975 | D:4      | 2975 ||| Stepping ~*~*~tactically~*~*~ (stealth).
  2976 | D:4      | 2976 ||| Stepping ~*~*~tactically~*~*~ (stealth).
  3046 | D:4      | 3046 ||| Stepping ~*~*~tactically~*~*~ (stealth).
  3069 | D:4      | 3069 ||| Stepping ~*~*~tactically~*~*~ (stealth).
  3070 | D:4      | 3070 ||| Stepping ~*~*~tactically~*~*~ (stealth).
  3071 | D:4      | 3071 ||| Stepping ~*~*~tactically~*~*~ (stealth).
  3083 | D:4      | 3083 ||| FLEEEEING.
  3084 | D:4      | 3084 ||| FLEEEEING.
  3085 | D:4      | 3085 ||| FLEEEEING.
  3086 | D:4      | 3086 ||| FLEEEEING.
  3087 | D:4      | 3087 ||| FLEEEEING.
  3088 | D:4      | 3088 ||| FLEEEEING.
  3089 | D:4      | 3089 ||| FLEEEEING.
  3090 | D:4      | 3090 ||| FLEEEEING.
  3091 | D:4      | 3091 ||| FLEEEEING.
  3092 | D:4      | 3092 ||| FLEEEEING.
  3093 | D:4      | 3093 ||| FLEEEEING.
  3094 | D:4      | 3094 ||| FLEEEEING.
  3095 | D:4      | 3095 ||| FLEEEEING.
  3096 | D:4      | 3096 ||| FLEEEEING.
  3097 | D:4      | 3097 ||| FLEEEEING.
  3098 | D:4      | 3098 ||| FLEEEEING.
  3099 | D:4      | 3099 ||| FLEEEEING.
  3100 | D:4      | 3100 ||| FLEEEEING.
  3101 | D:4      | 3101 ||| FLEEEEING.
  3102 | D:4      | 3102 ||| FLEEEEING.
  3232 | D:4      | Noticed an ice beast
  3251 | D:4      | Killed an ice beast
  3403 | D:4      | Found Qalickus's Book Shop.
  3721 | D:4      | 3721 ||| READING scroll of enchant armour.
  3721 | D:4      | 3721 ||| ENCHANTING +0 cloak.
  3756 | D:4      | Found an opulent altar of Gozag.
  3820 | D:4      | Found a glowing silver altar of Zin.
  3824 | D:4      | 3824 ||| UPGRADING to +0 chain mail "Ruull" {Str+2}.
  3834 | D:4      | 3834 ||| DROPPING +0 chain mail.
  3835 | D:4      | 3835 ||| UPGRADING to +2 kite shield.
  3845 | D:4      | 3845 ||| DROPPING +0 buckler.
  3846 | D:4      | 3846 ||| UPGRADING to amulet of reflection.
  3851 | D:4      | 3851 ||| READING 2 scrolls labelled TAFIWAETUGG.
  3852 | D:4      | 3852 ||| READING scroll labelled RYLE MIERR.
  3853 | D:4      | 3853 ||| READING 2 scrolls of identify.
  3853 | D:4      | 3853 ||| IDENTIFYING dark potion
  3854 | D:4      | 3854 ||| DROPPING scroll of blinking.
  3929 | D:5      | Entered Level 5 of the Dungeon
  3936 | D:5      | Reached XP level 7. HP: 44/44 MP: 7/7
  3997 | D:5      | 3997 ||| DROPPING +0 whip.
  4000 | D:5      | 4000 ||| DROPPING +0 flail.
  4096 | D:5      | Reached skill level 6 in Axes
  4097 | D:5      | 4097 ||| FLEEEEING.
  4098 | D:5      | 4098 ||| FLEEEEING.
  4099 | D:5      | 4099 ||| FLEEEEING.
  4102 | D:5      | 4102 ||| FLEEEEING.
  4103 | D:5      | 4103 ||| FLEEEEING.
  4104 | D:5      | 4104 ||| FLEEEEING.
  4106 | D:5      | 4106 ||| FLEEEEING.
  4107 | D:5      | 4107 ||| FLEEEEING.
  4108 | D:5      | 4108 ||| FLEEEEING.
  4110 | D:5      | 4110 ||| FLEEEEING.
  4111 | D:5      | 4111 ||| FLEEEEING.
  4112 | D:5      | 4112 ||| FLEEEEING.
  4113 | D:5      | 4113 ||| FLEEEEING.
  4114 | D:5      | 4114 ||| FLEEEEING.
  4115 | D:5      | 4115 ||| FLEEEEING.
  4116 | D:5      | 4116 ||| FLEEEEING.
  4119 | D:5      | 4119 ||| FLEEEEING.
  4120 | D:5      | 4120 ||| FLEEEEING.
  4121 | D:5      | 4121 ||| FLEEEEING.
  4122 | D:5      | 4122 ||| STAIRDANCE
  4198 | D:4      | 4198 ||| READING scroll labelled DIGGEIN DOWARCH.
  4203 | D:5      | 4203 ||| STAIRDANCE
  4286 | D:5      | Reached skill level 6 in Shields
  4303 | D:5      | 4303 ||| UPGRADING to ring of see invisible.
  4314 | D:5      | Reached skill level 1 in Dodging
  4314 | D:5      | Reached XP level 8. HP: 48/48 MP: 8/8
  4324 | D:5      | 4324 ||| STAIRDANCE
  4325 | D:4      | Found a sacrificial altar of Ru.
  4325 | D:4      | Found a snail-covered altar of Cheibriados.
  4343 | D:5      | Identified the +0 scale mail of Hiafruf {Will- Int+7 Dex-5}
  4377 | D:5      | Found a staircase to the Ecumenical Temple.
  4378 | D:5      | 4378 ||| PLANNING TEMPLE
  4378 | D:5      | 4378 ||| DROPPING +0 scale mail of Hiafruf {Will- Int+7
                  | Dex-5}.
  4385 | Temple   | Entered the Ecumenical Temple
  4529 | Temple   | 4529 ||| PLANNING D:1-11
  4637 | D:5      | Reached skill level 7 in Axes
  4836 | D:5      | 4836 ||| DROPPING amulet of regeneration.
  4998 | D:6      | Reached XP level 9. HP: 28/54 MP: 9/9
  4999 | D:6      | 4999 ||| Stepping ~*~*~tactically~*~*~ (cloud).
  5134 | D:6      | Reached skill level 8 in Axes
  5142 | D:6      | Found a shimmering altar of Xom.
  5144 | D:6      | 5144 ||| Stepping ~*~*~tactically~*~*~ (hiding).
  5145 | D:6      | 5145 ||| Stepping ~*~*~tactically~*~*~ (hiding).
  5258 | D:6      | Noticed Dowan
  5259 | D:6      | 5259 ||| Stepping ~*~*~tactically~*~*~ (hiding).
  5267 | D:6      | Noticed Duvessa
  5280 | D:6      | Reached skill level 6 in Fighting
  5282 | D:6      | Killed Dowan
  5292 | D:6      | Killed Duvessa
  5702 | D:6      | 5702 ||| UPGRADING to +5 ring of evasion.
  5704 | D:6      | 5704 ||| READING scroll labelled XUFFUH BISSOO.
  5705 | D:6      | 5705 ||| DRINKING 2 glowing brown potions.
  5705 | D:6      | Gained mutation: You sometimes lose your temper in combat.
                  | [potion of mutation]
  5705 | D:6      | Gained mutation: You are frail. (-10% HP) [potion of
                  | mutation]
  5705 | D:6      | Gained mutation: You have sharp fingernails. [potion of
                  | mutation]
  5706 | D:6      | 5706 ||| DRINKING potion of mutation.
  5706 | D:6      | Lost mutation: You sometimes lose your temper in combat.
                  | [potion of mutation]
  5706 | D:6      | Lost mutation: You have sharp fingernails. [potion of
                  | mutation]
  5706 | D:6      | Lost mutation: You are frail. (-10% HP) [potion of
                  | mutation]
  5706 | D:6      | Gained mutation: Your muscles are strong. (Str +4, Int/Dex
                  | -1) [potion of mutation]
  5706 | D:6      | Gained mutation: Potions are less effective at restoring
                  | your health. [potion of mutation]
  5706 | D:6      | Lost mutation: Your muscles are strong. (Str +4, Int/Dex
                  | -1) [potion of mutation]
  5706 | D:6      | Gained mutation: You have hidden genetic potential. [potion
                  | of mutation]
  5726 | D:6      | 5726 ||| READING 2 scrolls of identify.
  5726 | D:6      | 5726 ||| IDENTIFYING orange potion
  5776 | D:7      | 5776 ||| Stepping ~*~*~tactically~*~*~ (hiding).
  5931 | D:7      | Found a huge runed translucent gate.
  5932 | D:7      | Found a huge runed translucent gate.
  5932 | D:7      | Noticed a polar bear
  5932 | D:7      | Noticed a death yak
  5933 | D:7      | Found a huge runed translucent gate.
  5933 | D:7      | Noticed a polar bear
  5933 | D:7      | Noticed a polar bear
  5935 | D:7      | Found a huge runed translucent gate.
  5935 | D:7      | Noticed a manticore
  6060 | D:7      | 6060 ||| Stepping ~*~*~tactically~*~*~ (hiding).
  6064 | D:7      | 6064 ||| Stepping ~*~*~tactically~*~*~ (hiding).
  6319 | D:7      | Reached skill level 9 in Axes
  6395 | D:7      | Noticed an unseen horror
  6404 | D:7      | Killed an unseen horror
  6525 | D:7      | Reached XP level 10. HP: 52/61 MP: 10/10
  6554 | D:7      | 6554 ||| READING scroll of brand weapon.
  6554 | D:7      | 6554 ||| BRANDING +1 war axe of draining.
  6555 | D:7      | 6555 ||| DROPPING +3 hand axe.
  6734 | D:7      | 6734 ||| UPGRADING to +2 helmet.
  6739 | D:7      | 6739 ||| UPGRADING to +0 plate armour.
  6749 | D:7      | 6749 ||| DROPPING +0 chain mail "Ruull" {Str+2}.
  6750 | D:7      | 6750 ||| UPGRADING to +0 pair of gloves.
  6812 | D:8      | Reached skill level 6 in Armour
  6831 | D:8      | 6831 ||| FLEEEEING.
  6832 | D:8      | 6832 ||| FLEEEEING.
  6833 | D:8      | 6833 ||| FLEEEEING.
  6834 | D:8      | 6834 ||| FLEEEEING.
  6835 | D:8      | 6835 ||| STAIRDANCE
  6923 | D:8      | 6923 ||| DROPPING +1 flail of holy wrath.
  6924 | D:8      | 6924 ||| DROPPING +0 flail of protection.
  6962 | D:8      | Found an iron altar of Okawaru.
  6963 | D:8      | 6963 ||| PLANNING OKAWARU WORSHIP
  6963 | D:8      | 6963 ||| READING scroll labelled GEVAIR FAPH.
  6967 | D:8      | Became a worshipper of Warmaster Okawaru
  6968 | D:8      | 6968 ||| PLANNING D:1-11
  7020 | D:8      | Gained mutation: You have sharp toenails. [hidden
                  | potential]
  7021 | D:8      | Reached skill level 9 in Shields
  7042 | D:8      | Reached * piety under Okawaru
  7043 | D:8      | 7043 ||| INVOKING Heroism.
  7055 | D:8      | 7055 ||| INVOKING Heroism.
  7057 | D:8      | Reached skill level 10 in Axes
  7067 | D:8      | 7067 ||| INVOKING Heroism.
  7098 | D:8      | 7098 ||| Stepping ~*~*~tactically~*~*~ (stealth).
  7104 | D:8      | 7104 ||| Stepping ~*~*~tactically~*~*~ (stealth).
  7119 | D:8      | Found a staircase to the Lair.
  7157 | D:8      | Reached skill level 1 in Invocations
  7188 | D:8      | 7188 ||| Stepping ~*~*~tactically~*~*~ (stealth).
  7190 | D:8      | 7190 ||| INVOKING Heroism.
  7350 | D:8      | Found a shadowy altar of Dithmenos.
  7351 | D:8      | 7351 ||| READING scroll of enchant armour.
  7351 | D:8      | 7351 ||| ENCHANTING +0 pair of gloves.
  7365 | D:8      | 7365 ||| READING scroll of enchant armour.
  7365 | D:8      | 7365 ||| ENCHANTING +1 pair of gloves.
  7392 | D:8      | 7392 ||| INVOKING Heroism.
  7442 | D:8      | Found an ancient bone altar of Kikubaaqudgha.
  7446 | D:8      | Found a hide-covered altar of Uskayaw.
  7451 | D:8      | Found a sparkling altar of Nemelex Xobeh.
  7594 | D:8      | 7594 ||| PLANNING LAIR
  7626 | Lair:1   | Entered Level 1 of the Lair of Beasts
  7658 | Lair:1   | Reached skill level 3 in Invocations
  7658 | Lair:1   | Reached XP level 11. HP: 66/68 MP: 11/13
  7776 | Lair:1   | Reached ** piety under Okawaru
  7784 | Lair:1   | Gained mutation: You passively map a small area around you.
                  | [hidden potential]
  7784 | Lair:1   | Lost mutation: You have hidden genetic potential. [hidden
                  | potential expressed]
  7844 | Lair:1   | 7844 ||| INVOKING Heroism.
  7865 | Lair:1   | Noticed a death yak
  7865 | Lair:1   | Noticed a death yak
  7865 | Lair:1   | Noticed a death yak
  7866 | Lair:1   | 7866 ||| Stepping ~*~*~tactically~*~*~ (stealth).
  7867 | Lair:1   | Noticed a death yak
  7868 | Lair:1   | 7868 ||| Stepping ~*~*~tactically~*~*~ (stealth).
  7869 | Lair:1   | 7869 ||| Stepping ~*~*~tactically~*~*~ (stealth).
  7870 | Lair:1   | Noticed a death yak
  7871 | Lair:1   | Noticed a catoblepas
  7871 | Lair:1   | Noticed a death yak
  7876 | Lair:1   | Killed a death yak
  7878 | Lair:1   | Killed a death yak
  7879 | Lair:1   | Reached skill level 11 in Axes
  7881 | Lair:1   | 7881 ||| INVOKING Heroism.
  7884 | Lair:1   | Killed a death yak
  7885 | Lair:1   | HP: 15/68 [death yak (6)]
  7886 | Lair:1   | 7886 ||| DRINKING potion of heal wounds.
  7887 | Lair:1   | Killed a death yak
  7887 | Lair:1   | Reached *** piety under Okawaru
  7888 | Lair:1   | Killed a catoblepas
  7893 | Lair:1   | Killed a death yak
  7899 | Lair:1   | Killed a death yak
  7899 | Lair:1   | Reached **** piety under Okawaru
  8087 | Lair:1   | 8087 ||| INVOKING Heroism.
  8353 | Lair:1   | Received a gift from Okawaru
  8354 | Lair:1   | Reached XP level 12. HP: 56/75 MP: 15/15
  8357 | Lair:1   | 8357 ||| INVOKING Heroism.
  8361 | Lair:1   | Reached skill level 9 in Fighting
  8363 | Lair:1   | HP: 14/76 [elephant (9)]
  8364 | Lair:1   | 8364 ||| READING 2 scrolls of teleportation.
  8369 | Lair:1   | HP: 6/76 [elephant (6)]
  8664 | Lair:1   | Reached skill level 6 in Invocations
  8705 | Lair:1   | 8705 ||| READING scroll of enchant weapon.
  8705 | Lair:1   | 8705 ||| ENCHANTING +1 spectral war axe.
  8733 | Lair:1   | 8733 ||| INVOKING Heroism.
  8994 | Lair:2   | 8994 ||| INVOKING Heroism.
  9059 | Lair:2   | 9059 ||| INVOKING Heroism.
  9272 | Lair:2   | 9272 ||| Stepping ~*~*~tactically~*~*~ (stealth).
  9319 | Lair:2   | Noticed a catoblepas
  9320 | Lair:2   | 9320 ||| Stepping ~*~*~tactically~*~*~ (hiding).
  9325 | Lair:2   | 9325 ||| INVOKING Heroism.
  9338 | Lair:2   | Killed a catoblepas
  9441 | Lair:2   | Reached skill level 12 in Axes
  9450 | Lair:2   | 9450 ||| INVOKING Heroism.
  9462 | Lair:2   | Reached ***** piety under Okawaru
  9486 | Lair:2   | 9486 ||| Stepping ~*~*~tactically~*~*~ (hiding).
  9506 | Lair:2   | 9506 ||| Stepping ~*~*~tactically~*~*~ (stealth).
  9510 | Lair:2   | Found a staircase to the Shoals.
  9513 | Lair:2   | 9513 ||| Stepping ~*~*~tactically~*~*~ (stealth).
  9547 | Lair:2   | 9547 ||| INVOKING Heroism.
  9554 | Lair:2   | Reached skill level 9 in Armour
  9602 | Lair:2   | Reached skill level 3 in Throwing
  9614 | Lair:2   | 9614 ||| Stepping ~*~*~tactically~*~*~ (stealth).
  9615 | Lair:2   | 9615 ||| Stepping ~*~*~tactically~*~*~ (stealth).
  9616 | Lair:2   | 9616 ||| Stepping ~*~*~tactically~*~*~ (stealth).
  9617 | Lair:2   | 9617 ||| Stepping ~*~*~tactically~*~*~ (stealth).
  9622 | Lair:2   | 9622 ||| INVOKING Heroism.
  9626 | Lair:2   | Identified the +0 scale mail of Tomorrow {Drain rF+ Int+3
                  | Dex+3} (Okawaru gifted it to you on level 2 of the Lair of
                  | Beasts)
  9626 | Lair:2   | Received a gift from Okawaru
  9638 | Lair:2   | Reached skill level 9 in Invocations
  9725 | Lair:2   | 9725 ||| INVOKING Heroism.
  9740 | Lair:2   | Reached XP level 13. HP: 67/80 MP: 19/19
 10123 | Lair:3   | 10123 ||| INVOKING Heroism.
 10188 | Lair:3   | 10188 ||| Stepping ~*~*~tactically~*~*~ (stealth).
 10395 | Lair:3   | 10395 ||| INVOKING Heroism.
 10472 | Lair:3   | Found a staircase to the Snake Pit.
 10476 | Lair:3   | 10476 ||| Stepping ~*~*~tactically~*~*~ (hiding).
 10509 | Lair:3   | 10509 ||| Stepping ~*~*~tactically~*~*~ (stealth).
 11118 | Lair:3   | 11118 ||| READING 6 scrolls of identify.
 11118 | Lair:3   | 11118 ||| IDENTIFYING emerald potion
 11144 | Lair:4   | 11144 ||| PLANNING GAUNTLET
 11158 | Lair:4   | 11158 ||| INVOKING Heroism.
 11222 | Lair:4   | Found a gate leading to a gauntlet.
 11245 | Lair:4   | 11245 ||| Stepping ~*~*~tactically~*~*~ (hiding).
 11246 | Lair:4   | 11246 ||| FLEEEEING.
 11256 | Lair:4   | Reached skill level 13 in Axes
 11264 | Lair:4   | 11264 ||| Stepping ~*~*~tactically~*~*~ (stealth).
 11272 | Lair:4   | 11272 ||| FLEEEEING.
 11273 | Lair:4   | 11273 ||| FLEEEEING.
 11274 | Lair:4   | 11274 ||| FLEEEEING.
 11278 | Lair:4   | Found a staircase to the Slime Pits.
 11358 | Gauntlet | Entered a Gauntlet
 11358 | Gauntlet | Found a transporter.
 11358 | Gauntlet | Found a transporter.
 11376 | Gauntlet | Found a transporter.
 11380 | Gauntlet | Found a transporter.
 11384 | Gauntlet | Found a runed translucent door.
 11386 | Gauntlet | Found a runed translucent door.
 11388 | Gauntlet | Found a transporter.
 11392 | Gauntlet | Found a transporter.
 11398 | Gauntlet | Found a runed translucent gate.
 11398 | Gauntlet | Found a runed translucent gate.
 11398 | Gauntlet | Found a runed translucent gate.
 11400 | Gauntlet | Found a transporter.
 11416 | Gauntlet | Found a transporter.
 11431 | Gauntlet | Found a transporter.
 11435 | Gauntlet | Found a transporter.
 11446 | Gauntlet | Found a transporter.
 11447 | Gauntlet | Found a transporter.
 11502 | Gauntlet | 11502 ||| DROPPING scarf of shadows.
 11509 | Gauntlet | 11509 ||| Stepping randomly (stuck).
 11545 | Gauntlet | 11545 ||| INVOKING Heroism.
 11596 | Gauntlet | Identified the ring of Deghauph {rN+ Dex+2}
 11598 | Gauntlet | 11598 ||| DROPPING ring of Deghauph {rN+ Dex+2}.
 11599 | Gauntlet | 11599 ||| READING 5 scrolls of identify.
 11599 | Gauntlet | 11599 ||| IDENTIFYING pink potion
 11613 | Gauntlet | Identified the +4 shadow dragon scales of Xinocaw {rPois
                  | Stlth++++}
 11613 | Gauntlet | Identified the ring of Gin and Tonic {+Blink rElec Will+
                  | SInv}
 11613 | Gauntlet | Noticed a minotaur
 11615 | Gauntlet | 11615 ||| INVOKING Heroism.
 11616 | Gauntlet | 11616 ||| INVOKING Finesse.
 11632 | Gauntlet | Killed a minotaur
 11690 | Gauntlet | Identified the +5 ring mail "Zaucan" {Drain rC+ Str+3
                  | Dex+5}
 11693 | Gauntlet | Identified the +2 leather armour "Upogiwn" {Drain Fly rElec
                  | rC++}
 11712 | Gauntlet | 11712 ||| UPGRADING to +4 shadow dragon scales of Xinocaw
                  | {rPois Stlth++++}.
 11722 | Gauntlet | 11722 ||| DROPPING +0 plate armour.
 11723 | Gauntlet | 11723 ||| UPGRADING to ring of Gin and Tonic {+Blink rElec
                  | Will+ SInv}.
 11725 | Gauntlet | 11725 ||| DROPPING ring of see invisible.
 11742 | Lair:4   | 11742 ||| PLANNING LAIR
 11758 | Lair:4   | 11758 ||| Stepping ~*~*~tactically~*~*~ (stealth).
 11763 | Lair:4   | 11763 ||| Stepping ~*~*~tactically~*~*~ (stealth).
 11775 | Lair:4   | 11775 ||| Stepping ~*~*~tactically~*~*~ (stealth).
 11777 | Lair:4   | 11777 ||| Stepping ~*~*~tactically~*~*~ (stealth).
 11786 | Lair:4   | 11786 ||| Stepping ~*~*~tactically~*~*~ (stealth).
 11796 | Lair:4   | 11796 ||| Stepping ~*~*~tactically~*~*~ (stealth).
 11797 | Lair:4   | 11797 ||| Stepping ~*~*~tactically~*~*~ (stealth).
 11798 | Lair:4   | 11798 ||| INVOKING Heroism.
 11851 | Lair:4   | 11851 ||| Stepping ~*~*~tactically~*~*~ (stealth).
 11853 | Lair:4   | 11853 ||| Stepping ~*~*~tactically~*~*~ (stealth).
 11855 | Lair:4   | 11855 ||| Stepping ~*~*~tactically~*~*~ (stealth).
 11867 | Lair:4   | 11867 ||| Stepping ~*~*~tactically~*~*~ (stealth).
 11869 | Lair:4   | 11869 ||| Stepping ~*~*~tactically~*~*~ (stealth).
 11979 | Lair:4   | 11979 ||| Stepping ~*~*~tactically~*~*~ (stealth).
 11981 | Lair:4   | 11981 ||| Stepping ~*~*~tactically~*~*~ (stealth).
 11983 | Lair:4   | 11983 ||| Stepping ~*~*~tactically~*~*~ (stealth).
 11985 | Lair:4   | 11985 ||| Stepping ~*~*~tactically~*~*~ (stealth).
 12049 | Lair:4   | 12049 ||| Stepping ~*~*~tactically~*~*~ (stealth).
 12051 | Lair:4   | 12051 ||| INVOKING Heroism.
 12071 | Lair:4   | 12071 ||| Stepping ~*~*~tactically~*~*~ (stealth).
 12102 | Lair:4   | 12102 ||| INVOKING Heroism.
 12279 | Lair:4   | 12279 ||| Stepping ~*~*~tactically~*~*~ (stealth).
 12281 | Lair:4   | 12281 ||| Stepping ~*~*~tactically~*~*~ (stealth).
 12283 | Lair:4   | 12283 ||| Stepping ~*~*~tactically~*~*~ (stealth).
 12285 | Lair:4   | 12285 ||| Stepping ~*~*~tactically~*~*~ (stealth).
 12287 | Lair:4   | 12287 ||| Stepping ~*~*~tactically~*~*~ (stealth).
 12318 | Lair:4   | 12318 ||| Stepping ~*~*~tactically~*~*~ (stealth).
 12326 | Lair:4   | 12326 ||| Stepping ~*~*~tactically~*~*~ (stealth).
 12334 | Lair:4   | 12334 ||| Stepping ~*~*~tactically~*~*~ (stealth).
 12363 | Lair:4   | 12363 ||| Stepping ~*~*~tactically~*~*~ (stealth).
 12589 | Lair:4   | 12589 ||| UPGRADING to amulet of faith.
 12635 | Lair:5   | Entered Level 5 of the Lair of Beasts
 12636 | Lair:5   | 12636 ||| INVOKING Heroism.
 12638 | Lair:5   | 12638 ||| SWAPPING to +1 hand axe of flaming.
 12652 | Lair:5   | Received a gift from Okawaru
 12653 | Lair:5   | 12653 ||| SWAPPING to +2 spectral war axe.
 12684 | Lair:5   | 12684 ||| FLEEEEING.
 12685 | Lair:5   | 12685 ||| FLEEEEING.
 12686 | Lair:5   | 12686 ||| STAIRDANCE
 12783 | Lair:5   | 12783 ||| Stepping ~*~*~tactically~*~*~ (stealth).
 12787 | Lair:5   | Gained mutation: Your large and strong wings let you fly.
                  | [Gargoyle growth]
 12787 | Lair:5   | Reached XP level 14. HP: 88/88 MP: 21/21
 12805 | Lair:5   | Identified the +5 broad axe of Okawaru's Castigation
                  | {heavy, rElec rPois rF+ Will+} (Okawaru gifted it to you on
                  | level 5 of the Lair of Beasts)
 12805 | Lair:5   | Received a gift from Okawaru
 12812 | Lair:5   | 12812 ||| INVOKING Heroism.
 12824 | Lair:5   | 12824 ||| SWAPPING to +5 broad axe of Okawaru's Castigation
                  | {heavy, rElec rPois rF+ Will+}.
 12947 | Lair:5   | 12947 ||| INVOKING Heroism.
 13041 | Lair:5   | 13041 ||| Stepping ~*~*~tactically~*~*~ (stealth).
 13043 | Lair:5   | 13043 ||| Stepping ~*~*~tactically~*~*~ (stealth).
 13045 | Lair:5   | 13045 ||| Stepping ~*~*~tactically~*~*~ (stealth).
 13055 | Lair:5   | Reached skill level 14 in Axes
 13069 | Lair:5   | 13069 ||| Stepping ~*~*~tactically~*~*~ (stealth).
 13280 | Lair:5   | 13280 ||| Stepping ~*~*~tactically~*~*~ (stealth).
 13282 | Lair:5   | 13282 ||| Stepping ~*~*~tactically~*~*~ (hiding).
 13283 | Lair:5   | 13283 ||| Stepping ~*~*~tactically~*~*~ (hiding).
 13285 | Lair:5   | 13285 ||| Stepping ~*~*~tactically~*~*~ (hiding).
 13327 | Lair:5   | 13327 ||| Stepping ~*~*~tactically~*~*~ (stealth).
 13394 | Lair:5   | 13394 ||| Stepping ~*~*~tactically~*~*~ (stealth).
 13405 | Lair:5   | 13405 ||| Stepping ~*~*~tactically~*~*~ (stealth).
 13413 | Lair:5   | 13413 ||| INVOKING Heroism.
 13571 | Lair:5   | 13571 ||| Stepping ~*~*~tactically~*~*~ (stealth).
 13573 | Lair:5   | 13573 ||| Stepping ~*~*~tactically~*~*~ (stealth).
 13575 | Lair:5   | 13575 ||| FLEEEEING.
 13576 | Lair:5   | 13576 ||| FLEEEEING.
 13585 | Lair:5   | 13585 ||| FLEEEEING.
 13586 | Lair:5   | 13586 ||| FLEEEEING.
 13599 | Lair:5   | Received a gift from Okawaru
 13608 | Lair:5   | 13608 ||| Stepping ~*~*~tactically~*~*~ (stealth).
 13615 | Lair:5   | 13615 ||| Stepping ~*~*~tactically~*~*~ (stealth).
 13616 | Lair:5   | 13616 ||| Stepping ~*~*~tactically~*~*~ (stealth).
 13618 | Lair:5   | 13618 ||| Stepping ~*~*~tactically~*~*~ (stealth).
 13620 | Lair:5   | 13620 ||| Stepping ~*~*~tactically~*~*~ (stealth).
 13622 | Lair:5   | 13622 ||| INVOKING Heroism.
 13686 | Lair:5   | 13686 ||| Stepping ~*~*~tactically~*~*~ (stealth).
 13688 | Lair:5   | 13688 ||| Stepping ~*~*~tactically~*~*~ (stealth).
 13703 | Lair:5   | 13703 ||| FLEEEEING.
 13704 | Lair:5   | 13704 ||| FLEEEEING.
 13705 | Lair:5   | 13705 ||| FLEEEEING.
 13713 | Lair:5   | 13713 ||| INVOKING Heroism.
 13716 | Lair:5   | Reached skill level 12 in Shields
 13766 | Lair:5   | 13766 ||| FLEEEEING.
 13767 | Lair:5   | 13767 ||| FLEEEEING.
 13768 | Lair:5   | 13768 ||| FLEEEEING.
 13769 | Lair:5   | 13769 ||| FLEEEEING.
 13770 | Lair:5   | 13770 ||| FLEEEEING.
 13771 | Lair:5   | 13771 ||| FLEEEEING.
 13772 | Lair:5   | 13772 ||| FLEEEEING.
 13773 | Lair:5   | 13773 ||| FLEEEEING.
 13774 | Lair:5   | 13774 ||| FLEEEEING.
 13775 | Lair:5   | 13775 ||| FLEEEEING.
 13776 | Lair:5   | 13776 ||| FLEEEEING.
 13777 | Lair:5   | 13777 ||| FLEEEEING.
 13778 | Lair:5   | 13778 ||| FLEEEEING.
 13779 | Lair:5   | 13779 ||| FLEEEEING.
 13856 | Lair:5   | 13856 ||| Stepping ~*~*~tactically~*~*~ (stealth).
 13858 | Lair:5   | 13858 ||| Stepping ~*~*~tactically~*~*~ (stealth).
 13860 | Lair:5   | 13860 ||| Stepping ~*~*~tactically~*~*~ (stealth).
 13960 | Lair:5   | 13960 ||| Stepping ~*~*~tactically~*~*~ (stealth).
 13980 | Lair:5   | 13980 ||| Stepping ~*~*~tactically~*~*~ (stealth).
 13992 | Lair:5   | 13992 ||| Stepping ~*~*~tactically~*~*~ (stealth).
 13998 | Lair:5   | 13998 ||| Stepping ~*~*~tactically~*~*~ (stealth).
 14000 | Lair:5   | 14000 ||| Stepping ~*~*~tactically~*~*~ (stealth).
 14065 | Lair:5   | Found a corrupted altar of Lugonu.
 14065 | Lair:5   | Found a one-way gate to the infinite horrors of the Abyss.
 14177 | Lair:5   | 14177 ||| PLANNING D:1-11
 14177 | Lair:5   | 14177 ||| DROPPING amulet of magic regeneration.
 14480 | D:9      | 14480 ||| Stepping ~*~*~tactically~*~*~ (stealth).
 14482 | D:9      | 14482 ||| Stepping ~*~*~tactically~*~*~ (stealth).
 14484 | D:9      | 14484 ||| Stepping ~*~*~tactically~*~*~ (stealth).
 14528 | D:9      | 14528 ||| Stepping ~*~*~tactically~*~*~ (stealth).
 14530 | D:9      | 14530 ||| Stepping ~*~*~tactically~*~*~ (stealth).
 14532 | D:9      | 14532 ||| Stepping ~*~*~tactically~*~*~ (hiding).
 14569 | D:9      | 14569 ||| Stepping ~*~*~tactically~*~*~ (stealth).
 14571 | D:9      | 14571 ||| Stepping ~*~*~tactically~*~*~ (stealth).
 14573 | D:9      | 14573 ||| Stepping ~*~*~tactically~*~*~ (stealth).
 14577 | D:9      | 14577 ||| Stepping ~*~*~tactically~*~*~ (stealth).
 14599 | D:9      | 14599 ||| DROPPING +2 spectral war axe.
 14724 | D:9      | 14724 ||| Stepping ~*~*~tactically~*~*~ (stealth).
 14726 | D:9      | 14726 ||| Stepping ~*~*~tactically~*~*~ (stealth).
 14826 | D:9      | 14826 ||| Stepping ~*~*~tactically~*~*~ (stealth).
 14904 | D:9      | Noticed Erolcha
 14905 | D:9      | 14905 ||| Stepping ~*~*~tactically~*~*~ (stealth).
 14907 | D:9      | 14907 ||| Stepping ~*~*~tactically~*~*~ (hiding).
 14908 | D:9      | 14908 ||| INVOKING Heroism.
 14909 | D:9      | 14909 ||| INVOKING Finesse.
 14914 | D:9      | Killed Erolcha
 14915 | D:9      | Reached skill level 6 in Throwing
 15195 | D:9      | 15195 ||| UPGRADING to +0 pair of boots.
 15200 | D:9      | 15200 ||| READING scroll labelled DOUNAQ ITEFFUDELI.
 15201 | D:9      | 15201 ||| READING scroll labelled INESOZULLA.
 15242 | D:10     | Entered Level 10 of the Dungeon
 15306 | D:10     | 15306 ||| Stepping ~*~*~tactically~*~*~ (stealth).
 15307 | D:10     | Noticed Grum
 15308 | D:10     | 15308 ||| Stepping ~*~*~tactically~*~*~ (stealth).
 15311 | D:10     | 15311 ||| INVOKING Heroism.
 15312 | D:10     | 15312 ||| INVOKING Finesse.
 15323 | D:10     | Killed Grum
 15364 | D:10     | Received a gift from Okawaru
 15383 | D:10     | 15383 ||| Stepping ~*~*~tactically~*~*~ (stealth).
 15386 | D:10     | 15386 ||| Stepping ~*~*~tactically~*~*~ (stealth).
 15389 | D:10     | 15389 ||| Stepping ~*~*~tactically~*~*~ (stealth).
 15399 | D:10     | 15399 ||| INVOKING Heroism.
 15422 | D:10     | 15422 ||| Stepping ~*~*~tactically~*~*~ (stealth).
 15441 | D:10     | 15441 ||| FLEEEEING.
 15442 | D:10     | 15442 ||| FLEEEEING.
 15443 | D:10     | 15443 ||| FLEEEEING.
 15444 | D:10     | 15444 ||| FLEEEEING.
 15445 | D:10     | 15445 ||| FLEEEEING.
 15446 | D:10     | 15446 ||| FLEEEEING.
 15447 | D:10     | 15447 ||| FLEEEEING.
 15448 | D:10     | 15448 ||| FLEEEEING.
 15449 | D:10     | 15449 ||| FLEEEEING.
 15513 | D:10     | Received a gift from Okawaru
 15557 | D:10     | 15557 ||| DRINKING potion of mutation.
 15557 | D:10     | Lost mutation: Potions are less effective at restoring your
                  | health. [potion of mutation]
 15557 | D:10     | Lost mutation: You passively map a small area around you.
                  | [potion of mutation]
 15557 | D:10     | Lost mutation: You have sharp toenails. [potion of
                  | mutation]
 15557 | D:10     | Gained mutation: You occasionally lose the ability to read
                  | scrolls when taking damage. [potion of mutation]
 15557 | D:10     | Gained mutation: You possess an exceptional clarity of
                  | mind. [potion of mutation]
 15568 | D:10     | 15568 ||| DRINKING potion of mutation.
 15568 | D:10     | Lost mutation: You possess an exceptional clarity of mind.
                  | [potion of mutation]
 15568 | D:10     | Lost mutation: You occasionally lose the ability to read
                  | scrolls when taking damage. [potion of mutation]
 15568 | D:10     | Gained mutation: You have a pair of small horns on your
                  | head. [potion of mutation]
 15583 | D:10     | 15583 ||| Stepping ~*~*~tactically~*~*~ (stealth).
 15655 | D:10     | 15655 ||| Stepping ~*~*~tactically~*~*~ (stealth).
 15660 | D:10     | 15660 ||| Stepping ~*~*~tactically~*~*~ (hiding).
 15699 | D:10     | 15699 ||| Stepping ~*~*~tactically~*~*~ (stealth).
 15711 | D:10     | Found a staircase to the Orcish Mines.
 15732 | D:10     | 15732 ||| Stepping ~*~*~tactically~*~*~ (stealth).
 15734 | D:10     | 15734 ||| Stepping ~*~*~tactically~*~*~ (stealth).
 15738 | D:10     | 15738 ||| Stepping ~*~*~tactically~*~*~ (stealth).
 15739 | D:10     | 15739 ||| Stepping ~*~*~tactically~*~*~ (stealth).
 15740 | D:10     | 15740 ||| Stepping ~*~*~tactically~*~*~ (stealth).
 15827 | D:10     | Noticed Harold
 15838 | D:10     | Killed Harold
 16244 | D:10     | 16244 ||| DROPPING +2 helmet.
 16245 | D:10     | 16245 ||| DROPPING +6 ring of dexterity.
 16281 | D:10     | 16281 ||| Stepping ~*~*~tactically~*~*~ (stealth).
 16285 | D:10     | 16285 ||| Stepping ~*~*~tactically~*~*~ (stealth).
 16286 | D:10     | 16286 ||| Stepping ~*~*~tactically~*~*~ (stealth).
 16313 | D:11     | Identified the +1 chain mail "Ukakare" {Harm rF- rC+}
                  | (Okawaru gifted it to you on level 11 of the Dungeon)
 16313 | D:11     | Received a gift from Okawaru
 16352 | D:11     | 16352 ||| Stepping ~*~*~tactically~*~*~ (hiding).
 16679 | D:11     | Noticed Erica
 16680 | D:11     | 16680 ||| INVOKING Heroism.
 16681 | D:11     | 16681 ||| INVOKING Finesse.
 16690 | D:11     | Killed Erica
 16691 | D:11     | Reached skill level 15 in Axes
 16691 | D:11     | Reached XP level 15. HP: 94/94 MP: 15/22
 16737 | D:11     | 16737 ||| Stepping ~*~*~tactically~*~*~ (stealth).
 16739 | D:11     | 16739 ||| Stepping ~*~*~tactically~*~*~ (stealth).
 16741 | D:11     | 16741 ||| Stepping ~*~*~tactically~*~*~ (stealth).
 16743 | D:11     | 16743 ||| Stepping ~*~*~tactically~*~*~ (stealth).
 17235 | D:11     | 17235 ||| PLANNING D
 17235 | D:11     | 17235 ||| READING scroll labelled YZUQ WUEMPACAP.
 17290 | D:11     | 17290 ||| READING 10 scrolls of identify.
 17290 | D:11     | 17290 ||| IDENTIFYING bubbling silvery potion
 17291 | D:11     | 17291 ||| DROPPING potion of degeneration.
 17353 | D:12     | Found Dommeuf's Assorted Antiques.
 17367 | D:12     | 17367 ||| BUYING forked silver wand (144 gold).
 17367 | D:12     | Bought a forked silver wand for 144 gold pieces
 17367 | D:12     | 17367 ||| BUYING potion of curing (108 gold).
 17367 | D:12     | Bought a potion of curing for 108 gold pieces
 17367 | D:12     | 17367 ||| BUYING runed war axe (234 gold).
 17367 | D:12     | Bought a runed war axe for 234 gold pieces
 17367 | D:12     | 17367 ||| BUYING scroll of enchant weapon (270 gold).
 17367 | D:12     | Bought a scroll of enchant weapon for 270 gold pieces
 17367 | D:12     | 17367 ||| BUYING scroll of teleportation (108 gold).
 17367 | D:12     | Bought a scroll of teleportation for 108 gold pieces
 17367 | D:12     | 17367 ||| BUYING steel ring (180 gold).
 17367 | D:12     | Bought a steel ring for 180 gold pieces
 17367 | D:12     | 17367 ||| SHOPLISTING twisted plate armour (1008 gold, have
                  | 47).
 17367 | D:12     | 17367 ||| DROPPING +1 war axe of freezing.
 17369 | D:12     | Found Hetsuxze's Assorted Antiques.
 17382 | D:12     | 17382 ||| SHOPLISTING potion of curing (102 gold, have 47).
 17382 | D:12     | 17382 ||| SHOPLISTING scroll of identify (68 gold, have
                  | 47).
 17382 | D:12     | 17382 ||| SHOPLISTING tubular brass ring (170 gold, have
                  | 47).
 17426 | D:12     | 17426 ||| Stepping ~*~*~tactically~*~*~ (stealth).
 17428 | D:12     | 17428 ||| Stepping ~*~*~tactically~*~*~ (stealth).
 17435 | D:12     | Reached skill level 3 in Dodging
 17469 | D:12     | Found Timnab's Magic Scroll Shoppe.
 17477 | D:12     | 17477 ||| SHOPLISTING scroll of enchant armour (112 gold,
                  | have 65).
 17477 | D:12     | 17477 ||| SHOPLISTING scroll of enchant weapon (112 gold,
                  | have 65).
 17527 | D:12     | 17527 ||| Stepping ~*~*~tactically~*~*~ (stealth).
 17529 | D:12     | 17529 ||| Stepping ~*~*~tactically~*~*~ (stealth).
 17532 | D:12     | 17532 ||| Stepping ~*~*~tactically~*~*~ (stealth).
 17534 | D:12     | 17534 ||| Stepping ~*~*~tactically~*~*~ (stealth).
 17576 | D:12     | Noticed Frances
 17577 | D:12     | 17577 ||| Stepping ~*~*~tactically~*~*~ (stealth).
 17579 | D:12     | 17579 ||| INVOKING Heroism.
 17580 | D:12     | 17580 ||| INVOKING Finesse.
 17593 | D:12     | Killed Frances
 17658 | D:12     | Found Sedaplik's Magic Scroll Emporium.
 17666 | D:12     | 17666 ||| SHOPLISTING scroll of enchant armour (97 gold,
                  | have 65).
 17666 | D:12     | 17666 ||| SHOPLISTING scroll of enchant weapon (97 gold,
                  | have 65).
 17722 | D:12     | 17722 ||| Stepping ~*~*~tactically~*~*~ (stealth).
 17724 | D:12     | 17724 ||| Stepping ~*~*~tactically~*~*~ (stealth).
 17726 | D:12     | 17726 ||| Stepping ~*~*~tactically~*~*~ (stealth).
 17728 | D:12     | 17728 ||| Stepping ~*~*~tactically~*~*~ (stealth).
 17730 | D:12     | 17730 ||| Stepping ~*~*~tactically~*~*~ (stealth).
 17732 | D:12     | 17732 ||| Stepping ~*~*~tactically~*~*~ (stealth).
 17734 | D:12     | 17734 ||| Stepping ~*~*~tactically~*~*~ (stealth).
 17805 | D:12     | 17805 ||| Stepping ~*~*~tactically~*~*~ (hiding).
 17952 | D:12     | Found Hekyoff's Antique Weapon Emporium.
 17958 | D:12     | 17958 ||| SHOPLISTING glowing war axe (117 gold, have 103).
 18023 | D:12     | Reached skill level 12 in Fighting
 18120 | D:12     | 18120 ||| DROPPING +4 ring of protection.
 18121 | D:12     | 18121 ||| DROPPING wand of roots (5).
 18169 | D:13     | Found a runed translucent door.
 18173 | D:13     | 18173 ||| Stepping ~*~*~tactically~*~*~ (stealth).
 18174 | D:13     | 18174 ||| Stepping ~*~*~tactically~*~*~ (stealth).
 18175 | D:13     | 18175 ||| Stepping ~*~*~tactically~*~*~ (stealth).
 18180 | D:13     | Noticed 00Nightcrawler's ghost (journeyman VSTm)
 18212 | D:13     | 18212 ||| Stepping ~*~*~tactically~*~*~ (stealth).
 18214 | D:13     | 18214 ||| Stepping ~*~*~tactically~*~*~ (stealth).
 18222 | D:13     | 18222 ||| Stepping ~*~*~tactically~*~*~ (stealth).
 18225 | D:13     | 18225 ||| Stepping ~*~*~tactically~*~*~ (stealth).
 18277 | D:13     | 18277 ||| Stepping ~*~*~tactically~*~*~ (stealth).
 18281 | D:13     | 18281 ||| Stepping ~*~*~tactically~*~*~ (stealth).
 18300 | D:13     | 18300 ||| INVOKING Heroism.
 18431 | D:13     | 18431 ||| INVOKING Heroism.
 18432 | D:13     | 18432 ||| INVOKING Finesse.
 18562 | D:13     | 18562 ||| FLEEEEING.
 18563 | D:13     | 18563 ||| FLEEEEING.
 18564 | D:13     | 18564 ||| FLEEEEING.
 18565 | D:13     | 18565 ||| FLEEEEING.
 18566 | D:13     | 18566 ||| FLEEEEING.
 18567 | D:13     | 18567 ||| FLEEEEING.
 18568 | D:13     | 18568 ||| FLEEEEING.
 18569 | D:13     | 18569 ||| FLEEEEING.
 18570 | D:13     | 18570 ||| FLEEEEING.
 18572 | D:13     | 18572 ||| FLEEEEING.
 18573 | D:13     | 18573 ||| FLEEEEING.
 18574 | D:13     | 18574 ||| FLEEEEING.
 18575 | D:13     | 18575 ||| FLEEEEING.
 18576 | D:13     | 18576 ||| FLEEEEING.
 18577 | D:13     | 18577 ||| FLEEEEING.
 18578 | D:13     | 18578 ||| FLEEEEING.
 18579 | D:13     | 18579 ||| FLEEEEING.
 18580 | D:13     | 18580 ||| FLEEEEING.
 18581 | D:13     | 18581 ||| FLEEEEING.
 18585 | D:13     | 18585 ||| Stepping ~*~*~tactically~*~*~ (hiding).
 18587 | D:13     | 18587 ||| Stepping ~*~*~tactically~*~*~ (hiding).
 18730 | D:13     | 18730 ||| Stepping ~*~*~tactically~*~*~ (stealth).
 18732 | D:13     | 18732 ||| Stepping ~*~*~tactically~*~*~ (hiding).
 18759 | D:13     | 18759 ||| INVOKING Heroism.
 18776 | D:13     | Received a gift from Okawaru
 18831 | D:13     | Found a gate to the Vaults.
 18912 | D:13     | 18912 ||| Stepping ~*~*~tactically~*~*~ (stealth).
 18917 | D:13     | 18917 ||| Stepping ~*~*~tactically~*~*~ (stealth).
 18919 | D:13     | 18919 ||| Stepping ~*~*~tactically~*~*~ (stealth).
 18921 | D:13     | 18921 ||| Stepping ~*~*~tactically~*~*~ (stealth).
 18922 | D:13     | 18922 ||| Stepping ~*~*~tactically~*~*~ (stealth).
 18923 | D:13     | 18923 ||| Stepping ~*~*~tactically~*~*~ (stealth).
 18924 | D:13     | 18924 ||| Stepping ~*~*~tactically~*~*~ (stealth).
 19000 | D:13     | 19000 ||| Stepping ~*~*~tactically~*~*~ (stealth).
 19002 | D:13     | 19002 ||| Stepping ~*~*~tactically~*~*~ (stealth).
 19013 | D:13     | 19013 ||| Stepping ~*~*~tactically~*~*~ (stealth).
 19269 | D:13     | 19269 ||| READING scroll labelled ZOUKKOU FOLA.
 19270 | D:13     | 19270 ||| READING 13 scrolls of identify.
 19270 | D:13     | 19270 ||| IDENTIFYING silvery potion
 19277 | D:14     | 19277 ||| INVOKING Heroism.
 19317 | D:14     | Reached skill level 16 in Axes
 19351 | D:14     | 19351 ||| Stepping ~*~*~tactically~*~*~ (hiding).
 19353 | D:14     | 19353 ||| INVOKING Heroism.
 19362 | D:14     | 19362 ||| INVOKING Finesse.
 19363 | D:14     | 19363 ||| INVOKING Finesse.
 19370 | D:14     | 19370 ||| Stepping ~*~*~tactically~*~*~ (stealth).
 19405 | D:14     | 19405 ||| Stepping ~*~*~tactically~*~*~ (stealth).
 19407 | D:14     | 19407 ||| Stepping ~*~*~tactically~*~*~ (hiding).
 19416 | D:14     | 19416 ||| Stepping ~*~*~tactically~*~*~ (stealth).
 19488 | D:14     | 19488 ||| Stepping ~*~*~tactically~*~*~ (stealth).
 19532 | D:14     | 19532 ||| Stepping ~*~*~tactically~*~*~ (stealth).
 19534 | D:14     | 19534 ||| Stepping ~*~*~tactically~*~*~ (stealth).
 19540 | D:14     | Received a gift from Okawaru
 19594 | D:14     | 19594 ||| Stepping ~*~*~tactically~*~*~ (stealth).
 19596 | D:14     | 19596 ||| Stepping ~*~*~tactically~*~*~ (stealth).
 19597 | D:14     | 19597 ||| Stepping ~*~*~tactically~*~*~ (stealth).
 19601 | D:14     | 19601 ||| Stepping ~*~*~tactically~*~*~ (stealth).
 19610 | D:14     | 19610 ||| Stepping ~*~*~tactically~*~*~ (stealth).
 19613 | D:14     | 19613 ||| Stepping ~*~*~tactically~*~*~ (stealth).
 19616 | D:14     | 19616 ||| INVOKING Heroism.
 19686 | D:14     | 19686 ||| Stepping ~*~*~tactically~*~*~ (stealth).
 19825 | D:14     | 19825 ||| Stepping ~*~*~tactically~*~*~ (stealth).
 19900 | D:14     | 19900 ||| Stepping ~*~*~tactically~*~*~ (stealth).
 19912 | D:14     | 19912 ||| INVOKING Heroism.
 19965 | D:15     | Entered Level 15 of the Dungeon
 19972 | D:15     | 19972 ||| Stepping ~*~*~tactically~*~*~ (hiding).
 19973 | D:15     | 19973 ||| INVOKING Heroism.
 19974 | D:15     | 19974 ||| SWAPPING to +1 hand axe of flaming.
 19981 | D:15     | 19981 ||| SWAPPING to +5 broad axe of Okawaru's Castigation
                  | {heavy, rElec rPois rF+ Will+}.
 19987 | D:15     | Reached skill level 12 in Armour
 20000 | D:15     | Received a gift from Okawaru
 20020 | D:15     | 20020 ||| DROPPING +3 war axe.
 20044 | D:15     | 20044 ||| INVOKING Heroism.
 20045 | D:15     | 20045 ||| SWAPPING to +1 hand axe of flaming.
 20051 | D:15     | 20051 ||| SWAPPING to +5 broad axe of Okawaru's Castigation
                  | {heavy, rElec rPois rF+ Will+}.
 20096 | D:15     | 20096 ||| Stepping ~*~*~tactically~*~*~ (stealth).
 20098 | D:15     | 20098 ||| Stepping ~*~*~tactically~*~*~ (hiding).
 20099 | D:15     | 20099 ||| Stepping ~*~*~tactically~*~*~ (hiding).
 20100 | D:15     | 20100 ||| INVOKING Heroism.
 20125 | D:15     | 20125 ||| INVOKING Heroism.
 20191 | D:15     | Found a staircase to the Depths.
 20285 | D:15     | 20285 ||| Stepping ~*~*~tactically~*~*~ (stealth).
 20287 | D:15     | 20287 ||| Stepping ~*~*~tactically~*~*~ (stealth).
 20289 | D:15     | 20289 ||| Stepping ~*~*~tactically~*~*~ (stealth).
 20291 | D:15     | 20291 ||| Stepping ~*~*~tactically~*~*~ (stealth).
 20293 | D:15     | 20293 ||| Stepping ~*~*~tactically~*~*~ (stealth).
 20295 | D:15     | 20295 ||| Stepping ~*~*~tactically~*~*~ (stealth).
 20297 | D:15     | 20297 ||| Stepping ~*~*~tactically~*~*~ (stealth).
 20330 | D:15     | 20330 ||| Stepping ~*~*~tactically~*~*~ (stealth).
 20461 | D:15     | 20461 ||| Stepping ~*~*~tactically~*~*~ (stealth).
 20464 | D:15     | 20464 ||| INVOKING Heroism.
 20469 | D:15     | Reached XP level 16. HP: 97/101 MP: 21/23
 20473 | D:15     | 20473 ||| Stepping ~*~*~tactically~*~*~ (hiding).
 20481 | D:15     | 20481 ||| Stepping ~*~*~tactically~*~*~ (hiding).
 20486 | D:15     | Received a gift from Okawaru
 20495 | D:15     | 20495 ||| Stepping ~*~*~tactically~*~*~ (hiding).
 20573 | D:15     | 20573 ||| Stepping ~*~*~tactically~*~*~ (stealth).
 20575 | D:15     | 20575 ||| Stepping ~*~*~tactically~*~*~ (stealth).
 20686 | D:15     | 20686 ||| Stepping ~*~*~tactically~*~*~ (stealth).
 20932 | D:15     | Found a glowing golden altar of the Shining One.
 20957 | D:15     | 20957 ||| PLANNING ORC
 21061 | Orc:1    | Entered Level 1 of the Orcish Mines
 21135 | Orc:1    | 21135 ||| Stepping ~*~*~tactically~*~*~ (stealth).
 21138 | Orc:1    | 21138 ||| Stepping ~*~*~tactically~*~*~ (stealth).
 21213 | Orc:1    | 21213 ||| Stepping ~*~*~tactically~*~*~ (hiding).
 21216 | Orc:1    | 21216 ||| Stepping ~*~*~tactically~*~*~ (hiding).
 21241 | Orc:1    | 21241 ||| INVOKING Heroism.
 21409 | Orc:2    | Entered Level 2 of the Orcish Mines
 21415 | Orc:2    | 21415 ||| Stepping ~*~*~tactically~*~*~ (hiding).
 21423 | Orc:2    | 21423 ||| Stepping ~*~*~tactically~*~*~ (stealth).
 21432 | Orc:2    | 21432 ||| Stepping ~*~*~tactically~*~*~ (hiding).
 21568 | Orc:2    | 21568 ||| INVOKING Heroism.
 21602 | Orc:2    | Found a frozen archway.
 21614 | Orc:2    | 21614 ||| Stepping ~*~*~tactically~*~*~ (stealth).
 21618 | Orc:2    | 21618 ||| Stepping ~*~*~tactically~*~*~ (stealth).
 21641 | Orc:2    | 21641 ||| Stepping ~*~*~tactically~*~*~ (stealth).
 21643 | Orc:2    | 21643 ||| Stepping ~*~*~tactically~*~*~ (hiding).
 21650 | Orc:2    | Reached skill level 17 in Axes
 21742 | Orc:2    | Found Taoppigi's Assorted Antiques.
 21762 | Orc:1    | 21762 ||| INVOKING Heroism.
 21840 | Orc:1    | 21840 ||| Stepping ~*~*~tactically~*~*~ (stealth).
 21841 | Orc:1    | 21841 ||| Stepping ~*~*~tactically~*~*~ (stealth).
 21857 | Orc:1    | 21857 ||| DROPPING +1 hand axe of flaming.
 21891 | Orc:1    | 21891 ||| Stepping ~*~*~tactically~*~*~ (stealth).
 21892 | Orc:1    | 21892 ||| Stepping ~*~*~tactically~*~*~ (stealth).
 21896 | Orc:1    | 21896 ||| Stepping ~*~*~tactically~*~*~ (stealth).
 21899 | Orc:1    | 21899 ||| INVOKING Heroism.
 21970 | Orc:1    | 21970 ||| Stepping ~*~*~tactically~*~*~ (hiding).
 21975 | Orc:1    | 21975 ||| Stepping ~*~*~tactically~*~*~ (hiding).
 22157 | Orc:2    | 22157 ||| BUYING potion of curing (90 gold).
 22157 | Orc:2    | Bought a potion of curing for 90 gold pieces
 22157 | Orc:2    | 22157 ||| BUYING tubular bronze ring (150 gold).
 22157 | Orc:2    | Bought a tubular bronze ring for 150 gold pieces
 22161 | Orc:2    | 22161 ||| Stepping ~*~*~tactically~*~*~ (stealth).
 22163 | Orc:2    | 22163 ||| Stepping ~*~*~tactically~*~*~ (hiding).
 22171 | Orc:2    | 22171 ||| Stepping ~*~*~tactically~*~*~ (hiding).
 22180 | Orc:2    | 22180 ||| INVOKING Heroism.
 22209 | Orc:2    | 22209 ||| INVOKING Heroism.
 22371 | Orc:2    | 22371 ||| Stepping ~*~*~tactically~*~*~ (stealth).
 22373 | Orc:2    | 22373 ||| Stepping ~*~*~tactically~*~*~ (stealth).
 22375 | Orc:2    | 22375 ||| Stepping ~*~*~tactically~*~*~ (stealth).
 22377 | Orc:2    | 22377 ||| Stepping ~*~*~tactically~*~*~ (stealth).
 22379 | Orc:2    | 22379 ||| Stepping ~*~*~tactically~*~*~ (stealth).
 22381 | Orc:2    | 22381 ||| Stepping ~*~*~tactically~*~*~ (stealth).
 22383 | Orc:2    | 22383 ||| Stepping ~*~*~tactically~*~*~ (stealth).
 22385 | Orc:2    | 22385 ||| Stepping ~*~*~tactically~*~*~ (stealth).
 22387 | Orc:2    | 22387 ||| Stepping ~*~*~tactically~*~*~ (hiding).
 22389 | Orc:2    | 22389 ||| Stepping ~*~*~tactically~*~*~ (hiding).
 22392 | Orc:2    | 22392 ||| Stepping ~*~*~tactically~*~*~ (stealth).
 22436 | Orc:2    | Found a staircase to the Elven Halls.
 22478 | Orc:2    | 22478 ||| INVOKING Heroism.
 22500 | Orc:2    | 22500 ||| Stepping ~*~*~tactically~*~*~ (hiding).
 22714 | Orc:2    | Found Fehag's Magic Scroll Boutique.
 22714 | Orc:2    | Found Uluxzo Yvy's Antique Weapon Shoppe.
 22714 | Orc:2    | Found Axibad's Armour Emporium.
 22726 | Orc:2    | Found Vufua's Armour Shop.
 22733 | Orc:2    | 22733 ||| BUYING scroll of enchant weapon (90 gold).
 22733 | Orc:2    | Bought a scroll of enchant weapon for 90 gold pieces
 22733 | Orc:2    | 22733 ||| BUYING scroll of enchant weapon (90 gold).
 22733 | Orc:2    | Bought a scroll of enchant weapon for 90 gold pieces
 22733 | Orc:2    | 22733 ||| BUYING scroll of teleportation (36 gold).
 22733 | Orc:2    | Bought a scroll of teleportation for 36 gold pieces
 22740 | Orc:2    | 22740 ||| SHOPLISTING scarf of resistance (448 gold, have
                  | 346).
 22928 | Orc:2    | 22928 ||| Stepping ~*~*~tactically~*~*~ (stealth).
 22989 | Orc:2    | 22989 ||| Stepping ~*~*~tactically~*~*~ (hiding).
 23006 | Orc:2    | 23006 ||| Stepping ~*~*~tactically~*~*~ (hiding).
 23008 | Orc:2    | 23008 ||| Stepping ~*~*~tactically~*~*~ (hiding).
 23215 | Orc:2    | 23215 ||| PLANNING SNAKE:1-3
 23414 | Snake:1  | Entered Level 1 of the Snake Pit
 23505 | Snake:1  | 23505 ||| Stepping ~*~*~tactically~*~*~ (stealth).
 23507 | Snake:1  | 23507 ||| Stepping ~*~*~tactically~*~*~ (stealth).
 23539 | Snake:1  | 23539 ||| Stepping ~*~*~tactically~*~*~ (stealth).
 23545 | Snake:1  | 23545 ||| Stepping ~*~*~tactically~*~*~ (hiding).
 23590 | Snake:1  | 23590 ||| Stepping ~*~*~tactically~*~*~ (stealth).
 23592 | Snake:1  | 23592 ||| Stepping ~*~*~tactically~*~*~ (stealth).
 23616 | Snake:1  | Found Giena's Gadget Gallery.
 23617 | Snake:1  | 23617 ||| Stepping ~*~*~tactically~*~*~ (stealth).
 23648 | Snake:1  | 23648 ||| Stepping ~*~*~tactically~*~*~ (stealth).
 23649 | Snake:1  | 23649 ||| Stepping ~*~*~tactically~*~*~ (stealth).
 23651 | Snake:1  | 23651 ||| SHOPLISTING wand of digging (8) (470 gold, have
                  | 458).
 23652 | Snake:1  | 23652 ||| Stepping ~*~*~tactically~*~*~ (stealth).
 23663 | Snake:1  | 23663 ||| Stepping ~*~*~tactically~*~*~ (hiding).
 23732 | Snake:1  | Found Zise's Antique Weapon Shoppe.
 23735 | Snake:1  | Found Editar's Assorted Antiques.
 23738 | Snake:1  | Found Morit's Antique Armour Shoppe.
 23743 | Snake:1  | 23743 ||| SHOPLISTING shiny plate armour (676 gold, have
                  | 458).
 23745 | Snake:1  | 23745 ||| BUYING pair of glowing gloves (210 gold).
 23745 | Snake:1  | Bought a pair of glowing gloves for 210 gold pieces
 23810 | Snake:1  | 23810 ||| Stepping ~*~*~tactically~*~*~ (stealth).
 23826 | Snake:1  | 23826 ||| INVOKING Heroism.
 24035 | Snake:1  | 24035 ||| INVOKING Heroism.
 24189 | Snake:1  | 24189 ||| Stepping ~*~*~tactically~*~*~ (stealth).
 24191 | Snake:1  | 24191 ||| Stepping ~*~*~tactically~*~*~ (stealth).
 24193 | Snake:1  | 24193 ||| Stepping ~*~*~tactically~*~*~ (stealth).
 24196 | Snake:1  | 24196 ||| Stepping ~*~*~tactically~*~*~ (stealth).
 24229 | Snake:1  | 24229 ||| INVOKING Heroism.
 24379 | Snake:1  | 24379 ||| DROPPING +1 pair of gloves of stealth.
 24380 | Snake:1  | 24380 ||| UPGRADING to +1 kite shield of fire resistance.
 24432 | Snake:2  | 24432 ||| Stepping ~*~*~tactically~*~*~ (stealth).
 24434 | Snake:2  | 24434 ||| Stepping ~*~*~tactically~*~*~ (stealth).
 24436 | Snake:2  | 24436 ||| Stepping ~*~*~tactically~*~*~ (stealth).
 24438 | Snake:2  | 24438 ||| Stepping ~*~*~tactically~*~*~ (stealth).
 24440 | Snake:2  | 24440 ||| Stepping ~*~*~tactically~*~*~ (stealth).
 24442 | Snake:2  | 24442 ||| Stepping ~*~*~tactically~*~*~ (stealth).
 24444 | Snake:2  | 24444 ||| Stepping ~*~*~tactically~*~*~ (stealth).
 24446 | Snake:2  | 24446 ||| Stepping ~*~*~tactically~*~*~ (stealth).
 24519 | Snake:2  | 24519 ||| Stepping ~*~*~tactically~*~*~ (stealth).
 24521 | Snake:2  | 24521 ||| Stepping ~*~*~tactically~*~*~ (stealth).
 24523 | Snake:2  | 24523 ||| Stepping ~*~*~tactically~*~*~ (stealth).
 24525 | Snake:2  | 24525 ||| Stepping ~*~*~tactically~*~*~ (stealth).
 24527 | Snake:2  | 24527 ||| Stepping ~*~*~tactically~*~*~ (stealth).
 24549 | Snake:2  | 24549 ||| INVOKING Heroism.
 24564 | Snake:2  | HP: 21/104 [shock serpent (11)]
 24565 | Snake:2  | 24565 ||| READING 6 scrolls of teleportation.
 24565 | Snake:2  | HP: 9/104 [salamander/+2 halberd (5)]
 24566 | Snake:2  | 24566 ||| DRINKING 2 potions of heal wounds.
 24682 | Snake:2  | 24682 ||| Stepping ~*~*~tactically~*~*~ (stealth).
 24710 | Snake:2  | 24710 ||| INVOKING Heroism.
 24712 | Snake:2  | Received a gift from Okawaru
 24827 | Snake:2  | 24827 ||| Stepping ~*~*~tactically~*~*~ (stealth).
 25107 | Snake:2  | 25107 ||| Stepping ~*~*~tactically~*~*~ (stealth).
 25259 | Snake:3  | 25259 ||| Stepping ~*~*~tactically~*~*~ (stealth).
 25261 | Snake:3  | 25261 ||| Stepping ~*~*~tactically~*~*~ (stealth).
 25262 | Snake:3  | 25262 ||| Stepping ~*~*~tactically~*~*~ (hiding).
 25263 | Snake:3  | 25263 ||| INVOKING Heroism.
 25272 | Snake:3  | Received a gift from Okawaru
 25288 | Snake:3  | 25288 ||| INVOKING Heroism.
 25292 | Snake:3  | Reached skill level 18 in Axes
 25299 | Snake:3  | Received a gift from Okawaru
 25533 | Snake:3  | Reached XP level 17. HP: 97/108 MP: 24/24
 25596 | Snake:3  | 25596 ||| READING scroll of enchant armour.
 25596 | Snake:3  | 25596 ||| ENCHANTING +0 pair of boots.
 25606 | Snake:3  | 25606 ||| Stepping ~*~*~tactically~*~*~ (stealth).
 25608 | Snake:3  | 25608 ||| Stepping ~*~*~tactically~*~*~ (stealth).
 25610 | Snake:3  | 25610 ||| Stepping ~*~*~tactically~*~*~ (stealth).
 25612 | Snake:3  | 25612 ||| Stepping ~*~*~tactically~*~*~ (stealth).
 25614 | Snake:3  | 25614 ||| Stepping ~*~*~tactically~*~*~ (hiding).
 25625 | Snake:3  | Received a gift from Okawaru
 25735 | Snake:3  | 25735 ||| Stepping ~*~*~tactically~*~*~ (stealth).
 25737 | Snake:3  | 25737 ||| Stepping ~*~*~tactically~*~*~ (stealth).
 25739 | Snake:3  | 25739 ||| Stepping ~*~*~tactically~*~*~ (stealth).
 25741 | Snake:3  | 25741 ||| Stepping ~*~*~tactically~*~*~ (stealth).
 25769 | Snake:3  | 25769 ||| Stepping ~*~*~tactically~*~*~ (stealth).
 25771 | Snake:3  | 25771 ||| Stepping ~*~*~tactically~*~*~ (stealth).
 25881 | Snake:3  | 25881 ||| Stepping ~*~*~tactically~*~*~ (stealth).
 25883 | Snake:3  | 25883 ||| Stepping ~*~*~tactically~*~*~ (stealth).
 25885 | Snake:3  | 25885 ||| Stepping ~*~*~tactically~*~*~ (stealth).
 26040 | Snake:3  | 26040 ||| Stepping ~*~*~tactically~*~*~ (hiding).
 26122 | Snake:3  | 26122 ||| Stepping ~*~*~tactically~*~*~ (hiding).
 26126 | Snake:3  | 26126 ||| Stepping ~*~*~tactically~*~*~ (hiding).
 26165 | Snake:3  | 26165 ||| Stepping ~*~*~tactically~*~*~ (hiding).
 26169 | Snake:3  | 26169 ||| Stepping ~*~*~tactically~*~*~ (hiding).
 26174 | Snake:3  | 26174 ||| INVOKING Heroism.
 26234 | Snake:3  | Found Sosait's Jewellery Shop.
 26234 | Snake:3  | Found Leiticiah's Book Shoppe.
 26235 | Snake:3  | Found Goagituk's Book Shoppe.
 26243 | Snake:3  | 26243 ||| BUYING ring of ice (350 gold).
 26243 | Snake:3  | Bought a ring of ice for 350 gold pieces
 26243 | Snake:3  | 26243 ||| SHOPLISTING ring of protection from fire (350
                  | gold, have 145).
 26283 | Snake:3  | Found Ymawun's Assorted Antiques.
 26289 | Snake:3  | 26289 ||| BUYING potion of curing (105 gold).
 26289 | Snake:3  | Bought a potion of curing for 105 gold pieces
 26289 | Snake:3  | 26289 ||| SHOPLISTING potion of enlightenment (175 gold,
                  | have 40).
 26333 | Snake:3  | 26333 ||| Stepping ~*~*~tactically~*~*~ (stealth).
 26335 | Snake:3  | 26335 ||| Stepping ~*~*~tactically~*~*~ (stealth).
 26337 | Snake:3  | 26337 ||| Stepping ~*~*~tactically~*~*~ (stealth).
 26408 | Snake:3  | 26408 ||| INVOKING Heroism.
 27084 | Snake:3  | 27084 ||| PLANNING SHOALS:1-3
 27084 | Snake:3  | 27084 ||| DROPPING amulet of the acrobat.
 27085 | Snake:3  | 27085 ||| DROPPING +6 ring of intelligence.
 27219 | Shoals:1 | Entered Level 1 of the Shoals
 27220 | Shoals:1 | 27220 ||| Stepping ~*~*~tactically~*~*~ (stealth).
 27225 | Shoals:1 | 27225 ||| INVOKING Heroism.
 27261 | Shoals:1 | Received a gift from Okawaru
 27276 | Shoals:1 | Noticed Nikola
 27277 | Shoals:1 | 27277 ||| Stepping ~*~*~tactically~*~*~ (stealth).
 27280 | Shoals:1 | 27280 ||| INVOKING Heroism.
 27281 | Shoals:1 | 27281 ||| INVOKING Finesse.
 27287 | Shoals:1 | Killed Nikola
 27413 | Shoals:1 | 27413 ||| Stepping ~*~*~tactically~*~*~ (stealth).
 27415 | Shoals:1 | 27415 ||| Stepping ~*~*~tactically~*~*~ (stealth).
 27424 | Shoals:1 | 27424 ||| Stepping ~*~*~tactically~*~*~ (stealth).
 27425 | Shoals:1 | 27425 ||| Stepping ~*~*~tactically~*~*~ (stealth).
 27429 | Shoals:1 | 27429 ||| Stepping ~*~*~tactically~*~*~ (stealth).
 27430 | Shoals:1 | 27430 ||| Stepping ~*~*~tactically~*~*~ (stealth).
 27485 | Shoals:1 | 27485 ||| Stepping ~*~*~tactically~*~*~ (hiding).
 27491 | Shoals:1 | Received a gift from Okawaru
 28094 | Shoals:1 | 28094 ||| UPGRADING to +2 cloak.
 28104 | Shoals:1 | 28104 ||| DROPPING +1 cloak.
 28120 | Shoals:2 | 28120 ||| Stepping ~*~*~tactically~*~*~ (stealth).
 28122 | Shoals:2 | 28122 ||| Stepping ~*~*~tactically~*~*~ (hiding).
 28123 | Shoals:2 | 28123 ||| Stepping ~*~*~tactically~*~*~ (stealth).
 28128 | Shoals:2 | 28128 ||| INVOKING Heroism.
 28150 | Shoals:2 | HP: 17/111 [merfolk impaler/+2 trident of protection (11)]
 28151 | Shoals:2 | 28151 ||| READING 6 scrolls of teleportation.
 28152 | Shoals:2 | 28152 ||| DRINKING 3 potions of heal wounds.
 28153 | Shoals:2 | Received a gift from Okawaru
 28216 | Shoals:2 | 28216 ||| FLEEEEING.
 28217 | Shoals:2 | 28217 ||| FLEEEEING.
 28219 | Shoals:2 | 28219 ||| INVOKING Heroism.
 28275 | Shoals:2 | 28275 ||| FLEEEEING.
 28277 | Shoals:2 | 28277 ||| FLEEEEING.
 28278 | Shoals:2 | 28278 ||| STAIRDANCE
 28343 | Shoals:2 | Found Nuhuj's Assorted Antiques.
 28501 | Shoals:2 | Noticed Ilsuiw
 28502 | Shoals:2 | 28502 ||| INVOKING Heroism.
 28503 | Shoals:2 | 28503 ||| INVOKING Finesse.
 28523 | Shoals:2 | Killed Ilsuiw
 28525 | Shoals:2 | HP: 27/111 [merfolk javelineer/javelin[Ilsuiw] (12)]
 28526 | Shoals:2 | 28526 ||| READING 5 scrolls of teleportation.
 28532 | Shoals:2 | HP: 25/111 [faun/+0 spear (5)]
 28533 | Shoals:2 | 28533 ||| READING 4 scrolls of teleportation.
 28534 | Shoals:2 | 28534 ||| DRINKING 2 potions of heal wounds.
 28546 | Shoals:2 | 28546 ||| INVOKING Heroism.
 28582 | Shoals:2 | 28582 ||| Stepping ~*~*~tactically~*~*~ (stealth).
 28583 | Shoals:2 | 28583 ||| INVOKING Heroism.
 28613 | Shoals:2 | 28613 ||| FLEEEEING.
 28622 | Shoals:2 | 28622 ||| Stepping ~*~*~tactically~*~*~ (stealth).
 28646 | Shoals:2 | 28646 ||| Stepping ~*~*~tactically~*~*~ (stealth).
 28759 | Shoals:2 | 28759 ||| INVOKING Heroism.
 29313 | Shoals:2 | 29313 ||| INVOKING Heroism.
 29475 | Shoals:3 | 29475 ||| INVOKING Heroism.
 29477 | Shoals:3 | Found Bunumipp's Weapon Shoppe.
 29480 | Shoals:3 | 29480 ||| INVOKING Finesse.
 29756 | Shoals:3 | 29756 ||| Stepping ~*~*~tactically~*~*~ (stealth).
 29760 | Shoals:3 | 29760 ||| Stepping ~*~*~tactically~*~*~ (stealth).
 29761 | Shoals:3 | 29761 ||| Stepping ~*~*~tactically~*~*~ (stealth).
 29763 | Shoals:3 | 29763 ||| Stepping ~*~*~tactically~*~*~ (stealth).
 29782 | Shoals:3 | 29782 ||| Stepping ~*~*~tactically~*~*~ (hiding).
 29783 | Shoals:3 | 29783 ||| Stepping ~*~*~tactically~*~*~ (hiding).
 29870 | Shoals:3 | 29870 ||| Stepping ~*~*~tactically~*~*~ (stealth).
 29940 | Shoals:3 | 29940 ||| Stepping ~*~*~tactically~*~*~ (hiding).
 29941 | Shoals:3 | 29941 ||| Stepping ~*~*~tactically~*~*~ (hiding).
 29943 | Shoals:3 | 29943 ||| Stepping ~*~*~tactically~*~*~ (hiding).
 29944 | Shoals:3 | 29944 ||| Stepping ~*~*~tactically~*~*~ (hiding).
 30004 | Shoals:3 | Found an ornate altar of the Wu Jian Council.
 30253 | Shoals:3 | 30253 ||| INVOKING Heroism.
 30254 | Shoals:3 | 30254 ||| INVOKING Finesse.
 30307 | Shoals:3 | 30307 ||| Stepping ~*~*~tactically~*~*~ (stealth).
 30309 | Shoals:3 | 30309 ||| Stepping ~*~*~tactically~*~*~ (stealth).
 30311 | Shoals:3 | 30311 ||| INVOKING Heroism.
 30314 | Shoals:3 | Reached skill level 15 in Fighting
 30476 | Shoals:3 | 30476 ||| INVOKING Heroism.
 30485 | Shoals:3 | Identified the +1 pair of boots of Starshine {rPois Dex+3}
                  | (Okawaru gifted it to you on level 3 of the Shoals)
 30485 | Shoals:3 | Received a gift from Okawaru
 30759 | Shoals:3 | Identified the +3 glaive of the Countless Queens {vamp,
                  | Str+4}
 30768 | Shoals:3 | 30768 ||| INVOKING Heroism.
 30773 | Shoals:3 | Reached XP level 18. HP: 37/119 MP: 23/25
 30774 | Shoals:3 | HP: 27/119 [merfolk/+0 trident[a merfolk aquamancer] (10)]
 30775 | Shoals:3 | 30775 ||| READING 3 scrolls of teleportation.
 30776 | Shoals:3 | 30776 ||| DRINKING potion of heal wounds.
 30960 | Shoals:3 | 30960 ||| DROPPING +1 war axe of flaming.
 31078 | Shoals:3 | 31078 ||| UPGRADING to +1 pair of boots of Starshine {rPois
                  | Dex+3}.
 31088 | Shoals:3 | 31088 ||| DROPPING +1 pair of boots.
 31102 | Shoals:2 | 31102 ||| BUYING 2 potions of heal wounds (250 gold).
 31102 | Shoals:2 | Bought 2 potions of heal wounds for 250 gold pieces
 31102 | Shoals:2 | 31102 ||| SHOPLISTING 2 potions of mutation (400 gold, have
                  | 89).
 31102 | Shoals:2 | 31102 ||| SHOPLISTING potion of might (100 gold, have 89).
 31102 | Shoals:2 | 31102 ||| Stepping randomly (stuck).
 31299 | Shoals:3 | 31299 ||| PLANNING SNAKE:4
 31463 | Snake:4  | Entered Level 4 of the Snake Pit
 31664 | Snake:4  | 31664 ||| Stepping ~*~*~tactically~*~*~ (stealth).
 31666 | Snake:4  | 31666 ||| Stepping ~*~*~tactically~*~*~ (hiding).
 31671 | Snake:4  | 31671 ||| Stepping ~*~*~tactically~*~*~ (hiding).
 31676 | Snake:4  | 31676 ||| INVOKING Heroism.
 31848 | Snake:4  | 31848 ||| INVOKING Heroism.
 31872 | Snake:4  | 31872 ||| Stepping ~*~*~tactically~*~*~ (hiding).
 31873 | Snake:4  | 31873 ||| Stepping ~*~*~tactically~*~*~ (hiding).
 32010 | Snake:4  | 32010 ||| INVOKING Heroism.
 32057 | Snake:4  | 32057 ||| INVOKING Heroism.
 32271 | Snake:4  | 32271 ||| Stepping ~*~*~tactically~*~*~ (stealth).
 32273 | Snake:4  | 32273 ||| Stepping ~*~*~tactically~*~*~ (stealth).
 32275 | Snake:4  | 32275 ||| Stepping ~*~*~tactically~*~*~ (hiding).
 32309 | Snake:4  | 32309 ||| Stepping ~*~*~tactically~*~*~ (stealth).
 32313 | Snake:4  | 32313 ||| Stepping ~*~*~tactically~*~*~ (hiding).
 32323 | Snake:4  | 32323 ||| INVOKING Heroism.
 32452 | Snake:4  | 32452 ||| Stepping ~*~*~tactically~*~*~ (stealth).
 32455 | Snake:4  | 32455 ||| Stepping ~*~*~tactically~*~*~ (stealth).
 32457 | Snake:4  | 32457 ||| Stepping ~*~*~tactically~*~*~ (stealth).
 32459 | Snake:4  | 32459 ||| Stepping ~*~*~tactically~*~*~ (stealth).
 32468 | Snake:4  | 32468 ||| INVOKING Heroism.
 32487 | Snake:4  | Reached skill level 15 in Armour
 32492 | Snake:4  | Received a gift from Okawaru
 32497 | Snake:4  | Reached skill level 15 in Shields
 32511 | Snake:4  | 32511 ||| INVOKING Heroism.
 32519 | Snake:4  | HP: 26/119 [naga sharpshooter/arrow (9)]
 32520 | Snake:4  | 32520 ||| READING 3 scrolls of teleportation.
 32521 | Snake:4  | 32521 ||| DRINKING 2 potions of heal wounds.
 32705 | Snake:4  | 32705 ||| Stepping ~*~*~tactically~*~*~ (stealth).
 32824 | Snake:4  | 32824 ||| Stepping ~*~*~tactically~*~*~ (stealth).
 32826 | Snake:4  | 32826 ||| Stepping ~*~*~tactically~*~*~ (hiding).
 33004 | Snake:4  | 33004 ||| INVOKING Heroism.
 33007 | Snake:4  | Noticed Vashnia
 33041 | Snake:4  | 33041 ||| INVOKING Heroism.
 33045 | Snake:4  | HP: 20/120 [Vashnia/bolt (28)]
 33046 | Snake:4  | 33046 ||| READING 2 scrolls of teleportation.
 33047 | Snake:4  | 33047 ||| DRINKING potion of heal wounds.
 33102 | Snake:4  | 33102 ||| Stepping ~*~*~tactically~*~*~ (stealth).
 33103 | Snake:4  | 33103 ||| INVOKING Heroism.
 33268 | Snake:4  | 33268 ||| INVOKING Heroism.
 33299 | Snake:4  | Killed Vashnia
 33483 | Snake:4  | Got a serpentine rune of Zot
 33573 | Snake:4  | 33573 ||| Stepping ~*~*~tactically~*~*~ (stealth).
 33593 | Snake:4  | Received a gift from Okawaru
 33622 | Snake:4  | 33622 ||| Stepping ~*~*~tactically~*~*~ (stealth).
 33624 | Snake:4  | 33624 ||| Stepping ~*~*~tactically~*~*~ (stealth).
 33625 | Snake:4  | 33625 ||| Stepping ~*~*~tactically~*~*~ (stealth).
 33627 | Snake:4  | 33627 ||| Stepping ~*~*~tactically~*~*~ (stealth).
 33637 | Snake:4  | 33637 ||| Stepping ~*~*~tactically~*~*~ (hiding).
 33648 | Snake:4  | 33648 ||| Stepping ~*~*~tactically~*~*~ (hiding).
 33710 | Snake:4  | 33710 ||| Stepping ~*~*~tactically~*~*~ (stealth).
 33712 | Snake:4  | 33712 ||| Stepping ~*~*~tactically~*~*~ (stealth).
 33714 | Snake:4  | 33714 ||| Stepping ~*~*~tactically~*~*~ (stealth).
 33716 | Snake:4  | 33716 ||| Stepping ~*~*~tactically~*~*~ (stealth).
 33718 | Snake:4  | 33718 ||| Stepping ~*~*~tactically~*~*~ (stealth).
 33720 | Snake:4  | 33720 ||| Stepping ~*~*~tactically~*~*~ (stealth).
 33722 | Snake:4  | 33722 ||| Stepping ~*~*~tactically~*~*~ (stealth).
 33724 | Snake:4  | 33724 ||| Stepping ~*~*~tactically~*~*~ (stealth).
 33726 | Snake:4  | 33726 ||| Stepping ~*~*~tactically~*~*~ (hiding).
 33847 | Snake:4  | 33847 ||| PLANNING VAULTS:1-4
 33847 | Snake:4  | 33847 ||| UPGRADING to +1 kite shield of protection.
 33857 | Snake:4  | 33857 ||| DROPPING +2 kite shield.
 33858 | Snake:4  | 33858 ||| UPGRADING to +0 tower shield.
 33868 | Snake:4  | 33868 ||| DROPPING +1 kite shield of protection.
 33869 | Snake:4  | 33869 ||| DROPPING +1 kite shield of fire resistance.
 34096 | Vaults:1 | Entered Level 1 of the Vaults
 34102 | Vaults:1 | 34102 ||| INVOKING Heroism.
 34108 | Vaults:1 | HP: 30/120 [yaktaur captain/bolt[a glowing orange brain]
                  | (23)]
 34109 | Vaults:1 | 34109 ||| READING scroll of teleportation.
 34116 | Vaults:1 | HP: 5/120 [lindwurm/blast of flame (14)]
 34121 | Vaults:1 | Killed from afar by a lindwurm

Levels and vault maps discovered:
D:1:      minmay_arrival_glassed_features, layout_basic
D:2:      layout_basic, shapermc_ecumenical_altar_pompeii, minmay_3d_cube
D:3:      layout_loops_ring, uniq_crazy_yiuf_cottage
D:4:      layout_loops_ring, evilmike_ruin_ashenzari, zin_scriptorium,
          nicolae_overflow_hidden_temple, grunt_gozag_breadcrumbs, serial_shops,
          nicolae_shop_behind_doors, minmay_fractal_squares_diagonal_5
D:5:      layout_cave_pools, minmay_temple_entry_slanted, nicolae_letterblocks
          [nicolae_letter_subblock, nicolae_letter_subblock,
          nicolae_letter_subblock, nicolae_letter_subblock,
          nicolae_letter_subblock, nicolae_letter_subblock,
          nicolae_letter_subblock, nicolae_letter_subblock,
          nicolae_letter_subblock, nicolae_letter_subblock,
          nicolae_letter_subblock, nicolae_letter_subblock,
          nicolae_letter_subblock, nicolae_letter_subblock,
          nicolae_letter_subblock, nicolae_letter_subblock,
          nicolae_letter_subblock, nicolae_letter_subblock,
          nicolae_letter_subblock, nicolae_letter_subblock,
          nicolae_letter_subblock, nicolae_letter_subblock,
          nicolae_letter_subblock, nicolae_letter_subblock,
          nicolae_letter_subblock]
D:6:      layout_basic, overflow_temple_1_default, uniq_duvessa
D:7:      lemuel_bear_cage, layout_loops_ring, kennysheep_generic_room_14
D:8:      layout_rooms, nicolae_dithmenos_the_darkroom,
          mainiacjoe_overflow_alcove_1, grunt_temple_overflow_diamond,
          minmay_lair_entry_grove, special_room [special_room_orc]
D:9:      layout_stronghold, kennysheep_opposing_triangles, uniq_erolcha
D:10:     layout_roguey, hiddenorc2_lemuel, chequers_big_river,
          minmay_misc_feat_more_columns, uniq_grum, uniq_harold
D:11:     layout_basic, statue_in_the_mist_lemuel, uniq_erica
D:12:     layout_stronghold, serial_shops, shop, shop, nicolae_stop_n_shop_2,
          shop, kennysheep_little_box, uniq_frances
D:13:     layout_roguey, erik_vaults_1, ebering_ghost_reflecting_pool,
          serial_ice, serial_ice_d, serial_ice_m, serial_ice_l, serial_ice_g,
          minmay_protected_statue
D:14:     lemuel_ice_spiral_2, layout_rooms
D:15:     gammafunk_depths_entry_grave, layout_loops_ring, tso_altar
Temple:   chequers_temple_sunken
Lair:1:   layout_cave_pods, serial_bayou_shore_b, grunt_megastairs_1,
          serial_bayou_shore_b
Lair:2:   layout_regular_city, minmay_shoals_entry_lonely_mermaid,
          cheibrodos_lair_lostbears
Lair:3:   layout_cave_pods, minmay_snake_entry_guardpost_small, evilmike_ambush
          [evilmike_ambush_outer_doors, evilmike_ambush_inner_cross],
          lemuel_fruit_fields
Lair:4:   layout_regular_city, minmay_slime_entry_jelly_boxes,
          gauntlet_entry_generic
Lair:5:   hellmonk_lair_end_abyssal_woods, layout_misc_corridors,
          guppyfry_lair_drakes
Shoals:1: layout_shoals, uniq_nikola
Shoals:2: cheibrodos_shoals_oceanic_diplomacy, layout_shoals,
          nicolae_take_the_stairs, uniq_ilsuiw
Shoals:3: layout_shoals, serial_shops, shop, lemuel_oklob_altar
Snake:1:  layout_rooms, nicolae_shop_gadgets, minmay_shop_star
Snake:2:  layout_rooms
Snake:3:  layout_layer_cave, serial_shops, shop, minmay_shop_grove,
          nicolae_triple_integral
Snake:4:  grunt_snake_rune_serpentine_throne, layout_basic,
          nicolae_snake_boneroom
Orc:1:    layout_diamond_mine
Orc:2:    st_orc_rangers, layout_diamond_mine, portal_ice_cave_entry_pillars_2,
          serial_shops, nicolae_shop_dealshenge
Vaults:1: nicolae_vaults_offset_grid_hallway_4, ontoclasm_vaults_pinch,
          nicolae_vaults_little_squares_4, nicolae_vaults_security_offices_3,
          nicolae_vaults_ellipses_ellipsis, ontoclasm_vaults_twist, v_pattern_4,
          nicolae_vaults_angled_halls, grunt_vaults_focal, vaults_dpeg_ring,
          nicolae_vaults_border_crossing, vaults_standard_mumra_x,
          nicolae_vaults_cochlea, layout_vaults_big_room

Skill      XL: |  1  2  3  4  5  6  7  8  9 10 11 12 13 14 15 16 17 18 |
---------------+-------------------------------------------------------+-----
Axes           | 2 3 4 5 6 7 9 10 11 12 13 15 16 18 | 18.0
Fighting       | 4 5 6 7 8 9 10 11 12 13 15 16 | 16.0
Shields        | 6 7 8 9 10 11 12 13 14 15 | 15.2
Dodging        | 1 2 3 4 5 |  5.1
Throwing       | 2 3 5 6 8 |  8.0
Armour         | 4 7 8 9 10 11 12 13 14 15 | 15.5
Invocations    | 3 4 9 10 | 10.0

Action                     |  1- 3 |  4- 6 |  7- 9 | 10-12 | 13-15 | 16-18 || total
---------------------------+-------+-------+-------+-------+-------+-------++-------
  Melee: War axe           |   100 |   178 |   251 |   356 |   236 |       ||  1121
         Kick              |       |       |       |   128 |   139 |       ||   267
         Hand axe          |       |       |       |       |    25 |       ||    25
         Broad axe         |       |       |       |       |   538 |  1060 ||  1598
         Headbutt          |       |       |       |       |    51 |   212 ||   263
  Throw: Boomerang         |       |       |    26 |    73 |     8 |       ||   107
         Javelin           |       |       |       |    12 |   240 |    71 ||   323
 Invoke: Heroism           |       |       |       |    17 |    31 |    42 ||    90
         Finesse           |       |       |       |       |     7 |     4 ||    11
    Use: Potion            |     2 |     1 |     2 |     1 |     2 |     6 ||    14
         Scroll            |       |    13 |     3 |     6 |     8 |     9 ||    39
   Stab: Distracted        |       |       |       |     4 |     5 |       ||     9
         Petrified         |       |       |       |     4 |       |       ||     4
         Petrifying        |       |       |       |     1 |       |       ||     1
         Confused          |       |       |       |       |     1 |       ||     1
         Sleeping          |       |       |       |       |     1 |     5 ||     6
 Armour: Scale mail        |    59 |    35 |       |       |       |       ||    94
         Chain mail        |       |    96 |    93 |     1 |       |       ||   190
         Plate armour      |       |       |       |    85 |    34 |       ||   119
         Shadow dragon sca |       |       |       |       |   357 |   591 ||   948
  Dodge: Dodged            |    48 |    78 |    46 |    66 |   348 |   598 ||  1184
  Block: Buckler           |    16 |    41 |       |       |       |       ||    57
         Kite shield       |       |     2 |   201 |   221 |   553 |   964 ||  1941
         Reflection        |       |       |     4 |     4 |     3 |       ||    11
         Tower shield      |       |       |       |       |       |    26 ||    26

Table legend:
 A = Non-vault XP
 B = Vault XP
 C = Vault XP percentage of total XP
 D = Non-vault monster count
 E = Vault monster count
 F = Vault count percentage of total count
                 A         B        C        D         E       F
            +---------+---------+-------+---------+---------+-------
      Total |  207730 |   94422 |  31.2 |     738 |     320 |  30.2
            +---------+---------+-------+---------+---------+-------
        D:1 |      31 |       0 |   0.0 |      19 |       0 |   0.0
        D:2 |      46 |      13 |  22.0 |      13 |       5 |  27.8
        D:3 |      39 |       0 |   0.0 |      15 |       0 |   0.0
        D:4 |     482 |      75 |  13.5 |      30 |       8 |  21.1
        D:5 |    1096 |       0 |   0.0 |      21 |       0 |   0.0
        D:6 |    1476 |     210 |  12.5 |      21 |       2 |   8.7
        D:7 |    1104 |     157 |  12.5 |      18 |       1 |   5.3
        D:8 |    1390 |    2754 |  66.5 |      18 |      37 |  67.3
        D:9 |    2283 |    1328 |  36.8 |      25 |       5 |  16.7
       D:10 |    3718 |    1888 |  33.7 |      23 |      35 |  60.3
       D:11 |    3879 |     836 |  17.7 |      16 |       1 |   5.9
       D:12 |    4921 |    1634 |  24.9 |      16 |       1 |   5.9
       D:13 |    6560 |    2885 |  30.5 |      18 |      14 |  43.8
       D:14 |   14119 |       0 |   0.0 |      31 |       0 |   0.0
       D:15 |   14873 |    5789 |  28.0 |      23 |       8 |  25.8
     Lair:1 |    6463 |    6157 |  48.8 |      22 |       9 |  29.0
     Lair:2 |    9228 |    1595 |  14.7 |      36 |       5 |  12.2
     Lair:3 |    5504 |    2338 |  29.8 |      28 |      10 |  26.3
     Lair:4 |    6503 |     468 |   6.7 |      24 |      13 |  35.1
     Lair:5 |   11714 |   11247 |  49.0 |      35 |      41 |  53.9
   Shoals:1 |    6696 |    2183 |  24.6 |      14 |       1 |   6.7
   Shoals:2 |    9399 |    8805 |  48.4 |      20 |      15 |  42.9
   Shoals:3 |   23612 |     520 |   2.2 |      48 |       1 |   2.0
    Snake:1 |   12640 |       0 |   0.0 |      29 |       0 |   0.0
    Snake:2 |    8593 |       0 |   0.0 |      17 |       0 |   0.0
    Snake:3 |   22012 |       0 |   0.0 |      44 |       0 |   0.0
    Snake:4 |   21620 |   31613 |  59.4 |      43 |      51 |  54.3
      Orc:1 |    4005 |       0 |   0.0 |      38 |       0 |   0.0
      Orc:2 |    3094 |    5155 |  62.5 |      32 |      40 |  55.6
   Vaults:1 |     630 |    3038 |  82.8 |       1 |       3 |  75.0
   Gauntlet |       0 |    3734 | 100.0 |       0 |      14 | 100.0
            +---------+---------+-------+---------+---------+-------
